Workbook

Sheet Técnico Segurança do Trabalho
A1: PLANILHA DE CUSTOS E FORMAÇÃO DE PREÇOS DE SERVIÇOS CONTINUADOS COM DEDICAÇÃO EXCLUSIVA DE MÃO DE OBRA (ANEXO III - DECRETO 52.768 de 15.12.2015)
A2: PROCESSO: | C2: 23/1300-0006172-0 | E2: REGIME DE TRIBUTAÇÃO: LUCRO REAL
A3: LICITAÇÃO/EDITAL | E3: ABERTURA:
A5: Cargo/Função: | D5: Técnico em Segurança do Trabalho | G5: =IF(D6="12x36","Regime de trabalho:","Quantidade de HORAS/MÊS") -> Quantidade de HORAS/MÊS | I5: =IF(D6="12x36",D6,5*D6) -> 200
A6: =IF(D6="12x36","Regime de trabalho:","Regime de trabalho (horas semanais):") -> Regime de trabalho (horas semanais): | D6: 40
A7: Convenção Coletiva de Trabalho: | D7: RS003603/2023 | G7: INSALUBRIDADE (10%, 20%, 40%) | I7: Não aplicável
A8: Origem do salário: | D8: RS003603/2023
A9: Cidade: | D9: Porto Alegre | G9: PERICULOSIDADE (30%) | I9: Não aplicável
A10: Salário Normativo | G10: Vlr. do salário e nº de horas correspondentes | H10: 220 | I10: 3390.2
A11: ISS | G11: =D9 -> Porto Alegre | H11: Alíquota | I11: 0.02
A12: Tarifa Transporte | G12: CCT | H12: Vr. Unitário | I12: 4.8
H13: Dias | I13: 22
H14: Desconto | I14: 0.03
A15: Vale Alimentação, conforme CLÁUSULA NONA da CCT | G15: CCT | H15: Vr. Unitário | I15: 319.97
H16: Mês | I16: 1
H17: Desconto | I17: 0.2
A18: Auxílio Lanche | G18: CCT | H18: Vr. Unitário | I18: 0
H19: Dias | I19: 0
H20: Desconto | I20: 0
A21: Outros benefícios que refletem na planilha de custos, caso constem na CCT. | G21: CCT | H21: Valor mensal | I21: Não aplicável
A22: Adicional de Supervisor (37%) | H22: Porcentagem | I22: Não aplicável
A23: Base de cálculo da insalubridade | H23: Valor | I23: Não aplicável
A24: Hora Intervalar | H24: Horas por mês | I24: Não aplicável
A25: Sem fornecimento de materiais ou apenas fornecimento de EPIs ou uniformes, utilizar 10%. Com fornecimento de materiais ou equipamentos, utilizar 20%. (Decreto 52.768/2015, alterado pelo Decreto 53.424/2017) | H25: Porcentagem | I25: 0.2
A27: MONTANTE A
A28: I | B28: Remuneração - Grupo I | H28: % | I28: Valor Mensal/unidade de serviço (R$)
A29: 1 | B29: Salário | H29: =I29/$I$37 -> 1 | I29: =IF(D6="12x36",I10,I10/H10*I5) -> 3082
A30: =A29+1 -> 2 | B30: Adicional Periculosidade 30% (Ver súmulas 364, 132 e 191 do TST) | H30: =I30/$I$37 -> 0 | I30: =IF(I9=30%,I29*I9,0) -> 0
A31: =A30+1 -> 3 | B31: Adicional Insalubridade 10% (Ver súmula 228 e 139 TST) | H31: =I31/$I$37 -> 0 | I31: =IF(I7=10%,I23*I7,0) -> 0
A32: =A31+1 -> 4 | B32: Adicional Insalubridade 20% (Ver súmula 228 e 139 TST) | H32: =I32/$I$37 -> 0 | I32: =IF(I7=20%,I23*I7,0) -> 0
A33: =A32+1 -> 5 | B33: Adicional Insalubridade 40% (Ver súmula 228 e 139 TST) | H33: =I33/$I$37 -> 0 | I33: =IF(I7=40%,I23*I7,0) -> 0
A34: =A33+1 -> 6 | B34: Adicional de Supervisor (IN 02/2008 MPOG SLTI) | H34: =I34/$I$37 -> 0 | I34: =IF(I22="Não aplicável",0,I29*I22) -> 0
A35: =A34+1 -> 7 | B35: DSR - Descanso Semanal Remunerado | H35: =I35/$I$37 -> 0 | I35: 0
A36: =A35+1 -> 8 | B36: =IF(D6="12x36","Para postos 12x36 os feriados são considerados compensados, conforme parágrafo único, Art. 59-A da CLT","Outros") -> Outros | H36: =I36/$I$37 -> 0 | I36: 0
A37: Total de Remuneração | H37: =SUM(H29:H36) -> 1 | I37: =SUM(I29:I36) -> 3082
A39: II | B39: Encargos Sociais - Grupo II: Obrigações Sociais | H39: % | I39: Valor Mensal/unidade de serviço (R$)
A40: 1 | B40: INSS (art. 22, inc. I, Lei nº 8.212/91) | H40: 0.2 | I40: =$I$37*H40 -> 616.4
A41: 2 | B41: SESI ou SESC (art. 30, Lei nº 8.036/90) | H41: 0.015 | I41: =$I$37*H41 -> 46.23
A42: 3 | B42: SENAI ou SENAC (Decreto-Lei nº 2.318/86) | H42: 0.01 | I42: =$I$37*H42 -> 30.82
A43: 4 | B43: INCRA (art. 15I, Lei Complementar nº 011/71) | H43: 0.002 | I43: =$I$37*H43 -> 6.164
A44: 5 | B44: SALÁRIO EDUCAÇÃO (art. , inc. I, Decreto nº 87.043/82) | H44: 0.025 | I44: =$I$37*H44 -> 77.05
A45: 6 | B45: FGTS (art. 15, Lei nº 8.036/90) | H45: 0.08 | I45: =$I$37*H45 -> 246.56
A46: 7 | B46: SEG. ACIDENTE DO TRABALHO 1%, 2% e 3% (art. 22, inc. II, alíneas "b" e "c", da Lei nº 8.212/91) | H46: 0.03 | I46: =$I$37*H46 -> 92.46
A47: 8 | B47: SEBRAE (§ 3º, art. 8º, Lei nº 8.029/90) | H47: 0.006 | I47: =$I$37*H47 -> 18.492
A48: Total do Grupo II | H48: =SUM(H40:H47) -> 0.368 | I48: =SUM(I40:I47) -> 1134.176
A49: Os percentuais para o SAT podem variar de 0,50% a 6,00% em função do Fator de Acidente Previdenciário (FAP), Decreto nº 6.957/2009
A50: Deverá obrigatoriamente acompanhar a proposta de preços e a planilha de custos e formação de preços a prova do Fator Acidentário de Prevenção – FAP por meio de impressão de consulta ao site do Ministério da Previdência Social (que pode ser obtido no endereço eletrônico http://www2.dataprev.gov.br/fap/fap.htm), independentemente de alteração da alíquota da parcela do Seguro Acidente de Trabalho disposta no Quadro II da referida planilha.
A51: III | B51: Encargos Sociais - Grupo III: Tempo Não Trabalhado | H51: % | I51: Valor Mensal/unidade de serviço (R$)
A52: 1 | B52: FÉRIAS GOZADAS + ADICIONAL DE FÉRIAS | H52: 0.119314 | I52: =$I$37*H52 -> 367.72575
A53: 2 | B53: FALTAS ABONADAS (3) | H53: 0.020479 | I53: =$I$37*H53 -> 63.116278
A54: 3 | B54: FALTAS LEGAIS (4) | H54: 0.012123 | I54: =$I$37*H54 -> 37.363086
A55: 4 | B55: LICENÇA MATERNIDADE | H55: 0.011436 | I55: =$I$37*H55 -> 35.245752
A56: 5 | B56: LICENÇA PATERNIDADE | H56: 0.000174 | I56: =$I$37*H56 -> 0.536268
A57: 6 | B57: ACIDENTE DE TRABALHO | H57: 0.000442 | I57: =$I$37*H57 -> 1.362244
A58: 7 | B58: AVISO PRÉVIO TRABALHADO | H58: 0.000185 | I58: =$I$37*H58 -> 0.57017
A59: 8 | B59: 13º SALÁRIO | H59: 0.09079 | I59: =$I$37*H59 -> 279.81478
A60: Total do Grupo III | H60: =SUM(H52:H59) -> 0.254943 | I60: =SUM(I52:I59) -> 785.73433
A61: (3) | B61: Faltas Justificadas por Auxílio Doença
A62: (4) | B62: Faltas Legais - Art. 473 CLT
A63: IV | B63: Encargos Sociais - Grupo IV: Indenizações | H63: % | I63: Valor Mensal/unidade de serviço (R$)
A64: 1 | B64: INDENIZAÇÕES | H64: 0.023627 | I64: =$I$37*H64 -> 72.818414
A65: 2 | B65: FGTS SOBRE INDENIZAÇÕES | H65: 0.001717 | I65: =$I$37*H65 -> 5.291794
A66: 3 | B66: INDENIZAÇÃO COMPENSATÓRIA POR DEMISSÃO SEM JUSTA CAUSA | H66: 0.009451 | I66: =$I$37*H66 -> 29.127982
A67: Total do Grupo IV | H67: =SUM(H64:H66) -> 0.034795 | I67: =SUM(I64:I66) -> 107.23819
A69: V | B69: Encargos Sociais - Grupo V: Incidências | H69: % | I69: Valor Mensal/unidade de serviço (R$)
A70: 1 | B70: INCIDÊNCIA GRUPO II (Obrigações Sociais) X GRUPO III (Tempo Não Trabalhado) | H70: =(H48*H60) -> 0.093819024 | I70: =$I$37*H70 -> 289.15023
A71: Total do Grupo V | H71: =SUM(H70:H70) -> 0.093819024 | I71: =I70 -> 289.15023
A73: TOTAL DOS ENCAGOS SOCIAIS (II + III + IV + V) | H73: =H48+H60+H67+H71 -> 0.75155702 | I73: =I48+I60+I67+I71 -> 2316.2987
A75: VI | B75: Demais custos relativos à Norma Coletiva ou Disposições Legais - Grupo VI | H75: % | I75: Valor Mensal/unidade de serviço (R$)
A76: 1 | B76: Auxílio Alimentação | H76: =I76/$I$37 -> 0.083055159 | I76: =I93 -> 255.976
A77: 2 | B77: Auxílio Lanche | H77: =I77/$I$37 -> 0 | I77: =I89 -> 0
A78: 3 | B78: Vale-Transporte⁽⁵⁾ | H78: =I78/$I$37 -> 0.038526931 | I78: =I85 -> 118.74
A79: 4 | B79: Adicional Intervalar | H79: =I79/$I$37 -> 0 | I79: =IF(I24="Não aplicável",0,((I10/H10)*1.5*I24)) -> 0
A80: 5 | B80: Outros | H80: =I80/$I$37 -> 0 | I80: =IF(I21="Não aplicável",0,I21) -> 0
A81: Total do Grupo VI | H81: =SUM(H76:H80) -> 0.12158209 | I81: =SUM(I76:I80) -> 374.716
A82: (5) | B82: O valor do vale-transporte pode variar de acordo com o modal fornecido pelo empregador.
A83: MEMÓRIA DE CÁLCULO DO VALE TRANSPORTE
A84: Valor Unitário | C84: Dias de Trabalho | D84: Vale p/dia | E84: Custo total | F84: Base de cálculo | G84: Percentual de desconto | H84: Valor desconto | I84: Custo efetivo
A85: =I12 -> 4.8 | C85: =I13 -> 22 | D85: 2 | E85: =A85*C85*D85 -> 211.2 | F85: =I29 -> 3082 | G85: =I14 -> 0.03 | H85: =F85*G85 -> 92.46 | I85: =IF((E85-H85)>0,E85-H85,0) -> 118.74
A87: MEMÓRIA DE CÁLCULO DO VALE LANCHE
A88: Valor Unitário | C88: Dias por mês | D88: Vale p/dia | E88: Custo total | F88: Base de cálculo | G88: Percentual de desconto | H88: Valor desconto | I88: Custo efetivo
A89: =I18 -> 0 | C89: =I19 -> 0 | D89: 1 | E89: =A89*C89*D89 -> 0 | F89: =E89 -> 0 | G89: =I20 -> 0 | H89: =F89*G89 -> 0 | I89: =E89-H89 -> 0
A91: MEMÓRIA DE CÁLCULO DO VALE ALIMENTAÇÃO
A92: Valor Unitário | C92: Dias por mês | D92: Vale p/dia | E92: Custo total | F92: Base de cálculo | G92: Percentual de desconto | H92: =H84 -> Valor desconto | I92: Custo efetivo
A93: =I15 -> 319.97 | C93: =I16 -> 1 | D93: 1 | E93: =A93*C93*D93 -> 319.97 | F93: =E93 -> 319.97 | G93: =I17 -> 0.2 | H93: =F93*G93 -> 63.994 | I93: =E93-H93 -> 255.976
A95: TOTAL DO MONTANTE A (I + II + III+ IV + V +VI) | H95: =H37+H73+H81 -> 1.8731391 | I95: =I37+I73+I81 -> 5773.0147
A97: MONTANTE B
A98: I | B98: Despesas Diretas | H98: % | I98: Valor Mensal/unidade de serviço (R$)
A99: 1 | B99: Transporte (6) | H99: =I99/$I$110 -> 0 | I99: 0
A100: 2 | B100: Uniformes/EPI (6a) | H100: =I100/$I$110 -> 0 | I100: =IF(F108=10%,G108,0) -> 0
A101: 3 | B101: Seguro de vida | H101: =I101/$I$110 -> 0 | I101: 0
A102: 4 | B102: Materiais/Equipamentos | H102: =I102/$I$110 -> 0 | I102: 0
A103: 5 | B103: Mobilização (7) | H103: =I103/$I$110 -> 0 | I103: 0
A104: 6 | B104: Outros (especificar) | H104: =I104/$I$110 -> 0 | I104: 0
A105: Total de Despesas Diretas | H105: =H99+H100+H101+H102+H103+H104 -> 0 | I105: =SUM(I99:I104) -> 0
B106: (6) Somente será preenchido quando o licitante fornecer transporte próprio (6a) EPI - Equipamento de Proteção Individual (7) Tais custos de mobilização não são renováveis, devendo ser eliminados após o primeiro ano de contrato caso haja prorrogação
A108: LIMITE QUADRO I (Despesas Diretas) sobre Montante A (exceto Vale-transporte), conforme alíneas "b.2" e "b.3", Inc. II, art. 7º, do Decreto 52.768/2015, alterado pelo Decreto 53.424/2017: 10% SEM MATERIAIS/EQUIPAMENTOS; 20% COM MATERIAIS/EQUIPAMENTOS | F108: =I25 -> 0.2 | G108: =I110*F108 -> 1130.8549 | H108: Dedução Vale Transporte | I108: =I78 -> 118.74
A109: Remuneração (Grupo I) | C109: Obrigações Sociais (Grupo II) | D109: Tempo Não Trabalhado (Grupo III) | E109: Indenizações (Grupo IV) | F109: Incidências (Grupo V) | G109: Demais Custos CCT | H109: Total Montante A | I109: Base de Cálculo
A110: =I37 -> 3082 | C110: =I48 -> 1134.176 | D110: =I60 -> 785.73433 | E110: =I67 -> 107.23819 | F110: =I71 -> 289.15023 | G110: =I81 -> 374.716 | H110: =A110+C110+D110+E110+F110+G110 -> 5773.0147 | I110: =H110-I108 -> 5654.2747
A112: II | B112: Despesas Indiretas | H112: % | I112: Valor Mensal/unidade de serviço (R$)
...

Sheet Técnico Eletromecânico
A1: PLANILHA DE CUSTOS E FORMAÇÃO DE PREÇOS DE SERVIÇOS CONTINUADOS COM DEDICAÇÃO EXCLUSIVA DE MÃO DE OBRA (ANEXO III - DECRETO 52.768 de 15.12.2015)
A2: PROCESSO: | C2: 23/1300-0006172-0 | E2: REGIME DE TRIBUTAÇÃO: LUCRO REAL
A3: LICITAÇÃO/EDITAL | E3: ABERTURA:
A5: Cargo/Função: | D5: Técnico Eletromecânico | G5: =IF(D6="12x36","Regime de trabalho:","Quantidade de HORAS/MÊS") -> Quantidade de HORAS/MÊS | I5: =IF(D6="12x36",D6,5*D6) -> 200
A6: =IF(D6="12x36","Regime de trabalho:","Regime de trabalho (horas semanais):") -> Regime de trabalho (horas semanais): | D6: 40
A7: Convenção Coletiva de Trabalho: | D7: RS002555/2024 | G7: INSALUBRIDADE (10%, 20%, 40%) | I7: Não aplicável
A8: Origem do salário: | D8: RS002555/2024
A9: Cidade: | D9: Porto Alegre | G9: PERICULOSIDADE (30%) | I9: 0.3
A10: Salário Normativo | G10: Vlr. do salário e nº de horas correspondentes | H10: 220 | I10: 3313.2
A11: ISS | G11: =D9 -> Porto Alegre | H11: Alíquota | I11: 0.02
A12: Tarifa Transporte | G12: CCT | H12: Vr. Unitário | I12: 4.8
H13: Dias | I13: 22
H14: Desconto | I14: 0.06
A15: Auxílio Alimentação | G15: CCT | H15: Vr. Unitário | I15: 0
H16: Dias | I16: 0
H17: Desconto | I17: 0
A18: Auxílio Lanche | G18: CCT | H18: Vr. Unitário | I18: 0
H19: Dias | I19: 0
H20: Desconto | I20: 0
A21: Outros benefícios que refletem na planilha de custos, caso constem na CCT. | G21: CCT | H21: Valor mensal | I21: Não aplicável
A22: Adicional de Supervisor (37%) | H22: Porcentagem | I22: Não aplicável
A23: Base de cálculo da insalubridade | H23: Valor | I23: Não aplicável
A24: Hora Intervalar | H24: Horas por mês | I24: Não aplicável
A25: Sem fornecimento de materiais ou apenas fornecimento de EPIs ou uniformes, utilizar 10%. Com fornecimento de materiais ou equipamentos, utilizar 20%. (Decreto 52.768/2015, alterado pelo Decreto 53.424/2017) | H25: Porcentagem | I25: 0.2
A27: MONTANTE A
A28: I | B28: Remuneração - Grupo I | H28: % | I28: Valor Mensal/unidade de serviço (R$)
A29: 1 | B29: Salário | H29: =I29/$I$37 -> 0.76923077 | I29: =IF(D6="12x36",I10,I10/H10*I5) -> 3012
A30: =A29+1 -> 2 | B30: Adicional Periculosidade 30% (Ver súmulas 364, 132 e 191 do TST) | H30: =I30/$I$37 -> 0.23076923 | I30: =IF(I9=30%,I29*I9,0) -> 903.6
A31: =A30+1 -> 3 | B31: Adicional Insalubridade 10% (Ver súmula 228 e 139 TST) | H31: =I31/$I$37 -> 0 | I31: =IF(I7=10%,I23*I7,0) -> 0
A32: =A31+1 -> 4 | B32: Adicional Insalubridade 20% (Ver súmula 228 e 139 TST) | H32: =I32/$I$37 -> 0 | I32: =IF(I7=20%,I23*I7,0) -> 0
A33: =A32+1 -> 5 | B33: Adicional Insalubridade 40% (Ver súmula 228 e 139 TST) | H33: =I33/$I$37 -> 0 | I33: =IF(I7=40%,I23*I7,0) -> 0
A34: =A33+1 -> 6 | B34: Adicional de Supervisor (IN 02/2008 MPOG SLTI) | H34: =I34/$I$37 -> 0 | I34: =IF(I22="Não aplicável",0,I29*I22) -> 0
A35: =A34+1 -> 7 | B35: DSR - Descanso Semanal Remunerado | H35: =I35/$I$37 -> 0 | I35: 0
A36: =A35+1 -> 8 | B36: =IF(D6="12x36","Para postos 12x36 os feriados são considerados compensados, conforme parágrafo único, Art. 59-A da CLT","Outros") -> Outros | H36: =I36/$I$37 -> 0 | I36: 0
A37: Total de Remuneração | H37: =SUM(H29:H36) -> 1 | I37: =SUM(I29:I36) -> 3915.6
A39: II | B39: Encargos Sociais - Grupo II: Obrigações Sociais | H39: % | I39: Valor Mensal/unidade de serviço (R$)
A40: 1 | B40: INSS (art. 22, inc. I, Lei nº 8.212/91) | H40: 0.2 | I40: =$I$37*H40 -> 783.12
A41: 2 | B41: SESI ou SESC (art. 30, Lei nº 8.036/90) | H41: 0.015 | I41: =$I$37*H41 -> 58.734
A42: 3 | B42: SENAI ou SENAC (Decreto-Lei nº 2.318/86) | H42: 0.01 | I42: =$I$37*H42 -> 39.156
A43: 4 | B43: INCRA (art. 15I, Lei Complementar nº 011/71) | H43: 0.002 | I43: =$I$37*H43 -> 7.8312
A44: 5 | B44: SALÁRIO EDUCAÇÃO (art. , inc. I, Decreto nº 87.043/82) | H44: 0.025 | I44: =$I$37*H44 -> 97.89
A45: 6 | B45: FGTS (art. 15, Lei nº 8.036/90) | H45: 0.08 | I45: =$I$37*H45 -> 313.248
A46: 7 | B46: SEG. ACIDENTE DO TRABALHO 1%, 2% e 3% (art. 22, inc. II, alíneas "b" e "c", da Lei nº 8.212/91) | H46: 0.03 | I46: =$I$37*H46 -> 117.468
A47: 8 | B47: SEBRAE (§ 3º, art. 8º, Lei nº 8.029/90) | H47: 0.006 | I47: =$I$37*H47 -> 23.4936
A48: Total do Grupo II | H48: =SUM(H40:H47) -> 0.368 | I48: =SUM(I40:I47) -> 1440.9408
A49: Os percentuais para o SAT podem variar de 0,50% a 6,00% em função do Fator de Acidente Previdenciário (FAP), Decreto nº 6.957/2009
A50: Deverá obrigatoriamente acompanhar a proposta de preços e a planilha de custos e formação de preços a prova do Fator Acidentário de Prevenção – FAP por meio de impressão de consulta ao site do Ministério da Previdência Social (que pode ser obtido no endereço eletrônico http://www2.dataprev.gov.br/fap/fap.htm), independentemente de alteração da alíquota da parcela do Seguro Acidente de Trabalho disposta no Quadro II da referida planilha.
A51: III | B51: Encargos Sociais - Grupo III: Tempo Não Trabalhado | H51: % | I51: Valor Mensal/unidade de serviço (R$)
A52: 1 | B52: FÉRIAS GOZADAS + ADICIONAL DE FÉRIAS | H52: 0.119314 | I52: =$I$37*H52 -> 467.1859
A53: 2 | B53: FALTAS ABONADAS (3) | H53: 0.020479 | I53: =$I$37*H53 -> 80.187572
A54: 3 | B54: FALTAS LEGAIS (4) | H54: 0.012123 | I54: =$I$37*H54 -> 47.468819
A55: 4 | B55: LICENÇA MATERNIDADE | H55: 0.011436 | I55: =$I$37*H55 -> 44.778802
A56: 5 | B56: LICENÇA PATERNIDADE | H56: 0.000174 | I56: =$I$37*H56 -> 0.6813144
A57: 6 | B57: ACIDENTE DE TRABALHO | H57: 0.000442 | I57: =$I$37*H57 -> 1.7306952
A58: 7 | B58: AVISO PRÉVIO TRABALHADO | H58: 0.000185 | I58: =$I$37*H58 -> 0.724386
A59: 8 | B59: 13º SALÁRIO | H59: 0.09079 | I59: =$I$37*H59 -> 355.49732
A60: Total do Grupo III | H60: =SUM(H52:H59) -> 0.254943 | I60: =SUM(I52:I59) -> 998.25481
A61: (3) | B61: Faltas Justificadas por Auxílio Doença
A62: (4) | B62: Faltas Legais - Art. 473 CLT
A63: IV | B63: Encargos Sociais - Grupo IV: Indenizações | H63: % | I63: Valor Mensal/unidade de serviço (R$)
A64: 1 | B64: INDENIZAÇÕES | H64: 0.023627 | I64: =$I$37*H64 -> 92.513881
A65: 2 | B65: FGTS SOBRE INDENIZAÇÕES | H65: 0.001717 | I65: =$I$37*H65 -> 6.7230852
A66: 3 | B66: INDENIZAÇÃO COMPENSATÓRIA POR DEMISSÃO SEM JUSTA CAUSA | H66: 0.009451 | I66: =$I$37*H66 -> 37.006336
A67: Total do Grupo IV | H67: =SUM(H64:H66) -> 0.034795 | I67: =SUM(I64:I66) -> 136.2433
A69: V | B69: Encargos Sociais - Grupo V: Incidências | H69: % | I69: Valor Mensal/unidade de serviço (R$)
A70: 1 | B70: INCIDÊNCIA GRUPO II (Obrigações Sociais) X GRUPO III (Tempo Não Trabalhado) | H70: =(H48*H60) -> 0.093819024 | I70: =$I$37*H70 -> 367.35777
A71: Total do Grupo V | H71: =SUM(H70:H70) -> 0.093819024 | I71: =I70 -> 367.35777
A73: TOTAL DOS ENCAGOS SOCIAIS (II + III + IV + V) | H73: =H48+H60+H67+H71 -> 0.75155702 | I73: =I48+I60+I67+I71 -> 2942.7967
A75: VI | B75: Demais custos relativos à Norma Coletiva ou Disposições Legais - Grupo VI | H75: % | I75: Valor Mensal/unidade de serviço (R$)
A76: 1 | B76: Auxílio Alimentação | H76: =I76/$I$37 -> 0 | I76: =I93 -> 0
A77: 2 | B77: Auxílio Lanche | H77: =I77/$I$37 -> 0 | I77: =I89 -> 0
A78: 3 | B78: Vale-Transporte⁽⁵⁾ | H78: =I78/$I$37 -> 0.0077842476 | I78: =I85 -> 30.48
A79: 4 | B79: Adicional Intervalar | H79: =I79/$I$37 -> 0 | I79: =IF(I24="Não aplicável",0,((I10/H10)*1.5*I24)) -> 0
A80: 5 | B80: Outros | H80: =I80/$I$37 -> 0 | I80: =IF(I21="Não aplicável",0,I21) -> 0
A81: Total do Grupo VI | H81: =SUM(H76:H80) -> 0.0077842476 | I81: =SUM(I76:I80) -> 30.48
A82: (5) | B82: O valor do vale-transporte pode variar de acordo com o modal fornecido pelo empregador.
A83: MEMÓRIA DE CÁLCULO DO VALE TRANSPORTE
A84: Valor Unitário | C84: Dias de Trabalho | D84: Vale p/dia | E84: Custo total | F84: Base de cálculo | G84: Percentual de desconto | H84: Valor desconto | I84: Custo efetivo
A85: =I12 -> 4.8 | C85: =I13 -> 22 | D85: 2 | E85: =A85*C85*D85 -> 211.2 | F85: =I29 -> 3012 | G85: =I14 -> 0.06 | H85: =F85*G85 -> 180.72 | I85: =IF((E85-H85)>0,E85-H85,0) -> 30.48
A87: MEMÓRIA DE CÁLCULO DO VALE LANCHE
A88: Valor Unitário | C88: Dias por mês | D88: Vale p/dia | E88: Custo total | F88: Base de cálculo | G88: Percentual de desconto | H88: Valor desconto | I88: Custo efetivo
A89: =I18 -> 0 | C89: =I19 -> 0 | D89: 1 | E89: =A89*C89*D89 -> 0 | F89: =E89 -> 0 | G89: =I20 -> 0 | H89: =F89*G89 -> 0 | I89: =E89-H89 -> 0
A91: MEMÓRIA DE CÁLCULO DO VALE ALIMENTAÇÃO
A92: Valor Unitário | C92: Dias por mês | D92: Vale p/dia | E92: Custo total | F92: Base de cálculo | G92: Percentual de desconto | H92: =H84 -> Valor desconto | I92: Custo efetivo
A93: =I15 -> 0 | C93: =I16 -> 0 | D93: 1 | E93: =A93*C93*D93 -> 0 | F93: =E93 -> 0 | G93: =I17 -> 0 | H93: =F93*G93 -> 0 | I93: =E93-H93 -> 0
A95: TOTAL DO MONTANTE A (I + II + III+ IV + V +VI) | H95: =H37+H73+H81 -> 1.7593413 | I95: =I37+I73+I81 -> 6888.8767
A97: MONTANTE B
A98: I | B98: Despesas Diretas | H98: % | I98: Valor Mensal/unidade de serviço (R$)
A99: 1 | B99: Transporte (6) | H99: =I99/$I$110 -> 0 | I99: 0
A100: 2 | B100: Uniformes/EPI (6a) | H100: =I100/$I$110 -> 0 | I100: =IF(F108=10%,G108,0) -> 0
A101: 3 | B101: Seguro de vida | H101: =I101/$I$110 -> 0 | I101: 0
A102: 4 | B102: Materiais/Equipamentos | H102: =I102/$I$110 -> 0 | I102: 0
A103: 5 | B103: Mobilização (7) | H103: =I103/$I$110 -> 0 | I103: 0
A104: 6 | B104: Outros (especificar) | H104: =I104/$I$110 -> 0 | I104: 0
A105: Total de Despesas Diretas | H105: =H99+H100+H101+H102+H103+H104 -> 0 | I105: =SUM(I99:I104) -> 0
B106: (6) Somente será preenchido quando o licitante fornecer transporte próprio (6a) EPI - Equipamento de Proteção Individual (7) Tais custos de mobilização não são renováveis, devendo ser eliminados após o primeiro ano de contrato caso haja prorrogação
A108: LIMITE QUADRO I (Despesas Diretas) sobre Montante A (exceto Vale-transporte), conforme alíneas "b.2" e "b.3", Inc. II, art. 7º, do Decreto 52.768/2015, alterado pelo Decreto 53.424/2017: 10% SEM MATERIAIS/EQUIPAMENTOS; 20% COM MATERIAIS/EQUIPAMENTOS | F108: =I25 -> 0.2 | G108: =I110*F108 -> 1371.6793 | H108: Dedução Vale Transporte | I108: =I78 -> 30.48
A109: Remuneração (Grupo I) | C109: Obrigações Sociais (Grupo II) | D109: Tempo Não Trabalhado (Grupo III) | E109: Indenizações (Grupo IV) | F109: Incidências (Grupo V) | G109: Demais Custos CCT | H109: Total Montante A | I109: Base de Cálculo
A110: =I37 -> 3915.6 | C110: =I48 -> 1440.9408 | D110: =I60 -> 998.25481 | E110: =I67 -> 136.2433 | F110: =I71 -> 367.35777 | G110: =I81 -> 30.48 | H110: =A110+C110+D110+E110+F110+G110 -> 6888.8767 | I110: =H110-I108 -> 6858.3967
A112: II | B112: Despesas Indiretas | H112: % | I112: Valor Mensal/unidade de serviço (R$)
...

Sheet Técnico Eletricista 
A1: PLANILHA DE CUSTOS E FORMAÇÃO DE PREÇOS DE SERVIÇOS CONTINUADOS COM DEDICAÇÃO EXCLUSIVA DE MÃO DE OBRA (ANEXO III - DECRETO 52.768 de 15.12.2015)
A2: PROCESSO: | C2: 23/1300-0006172-0 | E2: REGIME DE TRIBUTAÇÃO: LUCRO REAL
A3: LICITAÇÃO/EDITAL | E3: ABERTURA:
A5: Cargo/Função: | D5: Técnico Eletricista/Eletrotécnico | G5: =IF(D6="12x36","Regime de trabalho:","Quantidade de HORAS/MÊS") -> Quantidade de HORAS/MÊS | I5: =IF(D6="12x36",D6,5*D6) -> 200
A6: =IF(D6="12x36","Regime de trabalho:","Regime de trabalho (horas semanais):") -> Regime de trabalho (horas semanais): | D6: 40
A7: Convenção Coletiva de Trabalho: | D7: RS002555/2024 | G7: INSALUBRIDADE (10%, 20%, 40%) | I7: Não aplicável
A8: Origem do salário: | D8: RS002555/2024
A9: Cidade: | D9: Porto Alegre | G9: PERICULOSIDADE (30%) | I9: 0.3
A10: Salário Normativo | G10: Vlr. do salário e nº de horas correspondentes | H10: 220 | I10: 3313.2
A11: ISS | G11: =D9 -> Porto Alegre | H11: Alíquota | I11: 0.02
A12: Tarifa Transporte | G12: CCT | H12: Vr. Unitário | I12: 4.8
H13: Dias | I13: 22
H14: Desconto | I14: 0.06
A15: Auxílio Alimentação | G15: CCT | H15: Vr. Unitário | I15: 0
H16: Dias | I16: 0
H17: Desconto | I17: 0
A18: Auxílio Lanche | G18: CCT | H18: Vr. Unitário | I18: 0
H19: Dias | I19: 0
H20: Desconto | I20: 0
A21: Outros benefícios que refletem na planilha de custos, caso constem na CCT. | G21: CCT | H21: Valor mensal | I21: Não aplicável
A22: Adicional de Supervisor (37%) | H22: Porcentagem | I22: Não aplicável
A23: Base de cálculo da insalubridade | H23: Valor | I23: Não aplicável
A24: Hora Intervalar | H24: Horas por mês | I24: Não aplicável
A25: Sem fornecimento de materiais ou apenas fornecimento de EPIs ou uniformes, utilizar 10%. Com fornecimento de materiais ou equipamentos, utilizar 20%. (Decreto 52.768/2015, alterado pelo Decreto 53.424/2017) | H25: Porcentagem | I25: 0.2
A27: MONTANTE A
A28: I | B28: Remuneração - Grupo I | H28: % | I28: Valor Mensal/unidade de serviço (R$)
A29: 1 | B29: Salário | H29: =I29/$I$37 -> 0.76923077 | I29: =IF(D6="12x36",I10,I10/H10*I5) -> 3012
A30: =A29+1 -> 2 | B30: Adicional Periculosidade 30% (Ver súmulas 364, 132 e 191 do TST) | H30: =I30/$I$37 -> 0.23076923 | I30: =IF(I9=30%,I29*I9,0) -> 903.6
A31: =A30+1 -> 3 | B31: Adicional Insalubridade 10% (Ver súmula 228 e 139 TST) | H31: =I31/$I$37 -> 0 | I31: =IF(I7=10%,I23*I7,0) -> 0
A32: =A31+1 -> 4 | B32: Adicional Insalubridade 20% (Ver súmula 228 e 139 TST) | H32: =I32/$I$37 -> 0 | I32: =IF(I7=20%,I23*I7,0) -> 0
A33: =A32+1 -> 5 | B33: Adicional Insalubridade 40% (Ver súmula 228 e 139 TST) | H33: =I33/$I$37 -> 0 | I33: =IF(I7=40%,I23*I7,0) -> 0
A34: =A33+1 -> 6 | B34: Adicional de Supervisor (IN 02/2008 MPOG SLTI) | H34: =I34/$I$37 -> 0 | I34: =IF(I22="Não aplicável",0,I29*I22) -> 0
A35: =A34+1 -> 7 | B35: DSR - Descanso Semanal Remunerado | H35: =I35/$I$37 -> 0 | I35: 0
A36: =A35+1 -> 8 | B36: =IF(D6="12x36","Para postos 12x36 os feriados são considerados compensados, conforme parágrafo único, Art. 59-A da CLT","Outros") -> Outros | H36: =I36/$I$37 -> 0 | I36: 0
A37: Total de Remuneração | H37: =SUM(H29:H36) -> 1 | I37: =SUM(I29:I36) -> 3915.6
A39: II | B39: Encargos Sociais - Grupo II: Obrigações Sociais | H39: % | I39: Valor Mensal/unidade de serviço (R$)
A40: 1 | B40: INSS (art. 22, inc. I, Lei nº 8.212/91) | H40: 0.2 | I40: =$I$37*H40 -> 783.12
A41: 2 | B41: SESI ou SESC (art. 30, Lei nº 8.036/90) | H41: 0.015 | I41: =$I$37*H41 -> 58.734
A42: 3 | B42: SENAI ou SENAC (Decreto-Lei nº 2.318/86) | H42: 0.01 | I42: =$I$37*H42 -> 39.156
A43: 4 | B43: INCRA (art. 15I, Lei Complementar nº 011/71) | H43: 0.002 | I43: =$I$37*H43 -> 7.8312
A44: 5 | B44: SALÁRIO EDUCAÇÃO (art. , inc. I, Decreto nº 87.043/82) | H44: 0.025 | I44: =$I$37*H44 -> 97.89
A45: 6 | B45: FGTS (art. 15, Lei nº 8.036/90) | H45: 0.08 | I45: =$I$37*H45 -> 313.248
A46: 7 | B46: SEG. ACIDENTE DO TRABALHO 1%, 2% e 3% (art. 22, inc. II, alíneas "b" e "c", da Lei nº 8.212/91) | H46: 0.03 | I46: =$I$37*H46 -> 117.468
A47: 8 | B47: SEBRAE (§ 3º, art. 8º, Lei nº 8.029/90) | H47: 0.006 | I47: =$I$37*H47 -> 23.4936
A48: Total do Grupo II | H48: =SUM(H40:H47) -> 0.368 | I48: =SUM(I40:I47) -> 1440.9408
A49: Os percentuais para o SAT podem variar de 0,50% a 6,00% em função do Fator de Acidente Previdenciário (FAP), Decreto nº 6.957/2009
A50: Deverá obrigatoriamente acompanhar a proposta de preços e a planilha de custos e formação de preços a prova do Fator Acidentário de Prevenção – FAP por meio de impressão de consulta ao site do Ministério da Previdência Social (que pode ser obtido no endereço eletrônico http://www2.dataprev.gov.br/fap/fap.htm), independentemente de alteração da alíquota da parcela do Seguro Acidente de Trabalho disposta no Quadro II da referida planilha.
A51: III | B51: Encargos Sociais - Grupo III: Tempo Não Trabalhado | H51: % | I51: Valor Mensal/unidade de serviço (R$)
A52: 1 | B52: FÉRIAS GOZADAS + ADICIONAL DE FÉRIAS | H52: 0.119314 | I52: =$I$37*H52 -> 467.1859
A53: 2 | B53: FALTAS ABONADAS (3) | H53: 0.020479 | I53: =$I$37*H53 -> 80.187572
A54: 3 | B54: FALTAS LEGAIS (4) | H54: 0.012123 | I54: =$I$37*H54 -> 47.468819
A55: 4 | B55: LICENÇA MATERNIDADE | H55: 0.011436 | I55: =$I$37*H55 -> 44.778802
A56: 5 | B56: LICENÇA PATERNIDADE | H56: 0.000174 | I56: =$I$37*H56 -> 0.6813144
A57: 6 | B57: ACIDENTE DE TRABALHO | H57: 0.000442 | I57: =$I$37*H57 -> 1.7306952
A58: 7 | B58: AVISO PRÉVIO TRABALHADO | H58: 0.000185 | I58: =$I$37*H58 -> 0.724386
A59: 8 | B59: 13º SALÁRIO | H59: 0.09079 | I59: =$I$37*H59 -> 355.49732
A60: Total do Grupo III | H60: =SUM(H52:H59) -> 0.254943 | I60: =SUM(I52:I59) -> 998.25481
A61: (3) | B61: Faltas Justificadas por Auxílio Doença
A62: (4) | B62: Faltas Legais - Art. 473 CLT
A63: IV | B63: Encargos Sociais - Grupo IV: Indenizações | H63: % | I63: Valor Mensal/unidade de serviço (R$)
A64: 1 | B64: INDENIZAÇÕES | H64: 0.023627 | I64: =$I$37*H64 -> 92.513881
A65: 2 | B65: FGTS SOBRE INDENIZAÇÕES | H65: 0.001717 | I65: =$I$37*H65 -> 6.7230852
A66: 3 | B66: INDENIZAÇÃO COMPENSATÓRIA POR DEMISSÃO SEM JUSTA CAUSA | H66: 0.009451 | I66: =$I$37*H66 -> 37.006336
A67: Total do Grupo IV | H67: =SUM(H64:H66) -> 0.034795 | I67: =SUM(I64:I66) -> 136.2433
A69: V | B69: Encargos Sociais - Grupo V: Incidências | H69: % | I69: Valor Mensal/unidade de serviço (R$)
A70: 1 | B70: INCIDÊNCIA GRUPO II (Obrigações Sociais) X GRUPO III (Tempo Não Trabalhado) | H70: =(H48*H60) -> 0.093819024 | I70: =$I$37*H70 -> 367.35777
A71: Total do Grupo V | H71: =SUM(H70:H70) -> 0.093819024 | I71: =I70 -> 367.35777
A73: TOTAL DOS ENCAGOS SOCIAIS (II + III + IV + V) | H73: =H48+H60+H67+H71 -> 0.75155702 | I73: =I48+I60+I67+I71 -> 2942.7967
A75: VI | B75: Demais custos relativos à Norma Coletiva ou Disposições Legais - Grupo VI | H75: % | I75: Valor Mensal/unidade de serviço (R$)
A76: 1 | B76: Auxílio Alimentação | H76: =I76/$I$37 -> 0 | I76: =I93 -> 0
A77: 2 | B77: Auxílio Lanche | H77: =I77/$I$37 -> 0 | I77: =I89 -> 0
A78: 3 | B78: Vale-Transporte⁽⁵⁾ | H78: =I78/$I$37 -> 0.0077842476 | I78: =I85 -> 30.48
A79: 4 | B79: Adicional Intervalar | H79: =I79/$I$37 -> 0 | I79: =IF(I24="Não aplicável",0,((I10/H10)*1.5*I24)) -> 0
A80: 5 | B80: Outros | H80: =I80/$I$37 -> 0 | I80: =IF(I21="Não aplicável",0,I21) -> 0
A81: Total do Grupo VI | H81: =SUM(H76:H80) -> 0.0077842476 | I81: =SUM(I76:I80) -> 30.48
A82: (5) | B82: O valor do vale-transporte pode variar de acordo com o modal fornecido pelo empregador.
A83: MEMÓRIA DE CÁLCULO DO VALE TRANSPORTE
A84: Valor Unitário | C84: Dias de Trabalho | D84: Vale p/dia | E84: Custo total | F84: Base de cálculo | G84: Percentual de desconto | H84: Valor desconto | I84: Custo efetivo
A85: =I12 -> 4.8 | C85: =I13 -> 22 | D85: 2 | E85: =A85*C85*D85 -> 211.2 | F85: =I29 -> 3012 | G85: =I14 -> 0.06 | H85: =F85*G85 -> 180.72 | I85: =IF((E85-H85)>0,E85-H85,0) -> 30.48
A87: MEMÓRIA DE CÁLCULO DO VALE LANCHE
A88: Valor Unitário | C88: Dias por mês | D88: Vale p/dia | E88: Custo total | F88: Base de cálculo | G88: Percentual de desconto | H88: Valor desconto | I88: Custo efetivo
A89: =I18 -> 0 | C89: =I19 -> 0 | D89: 1 | E89: =A89*C89*D89 -> 0 | F89: =E89 -> 0 | G89: =I20 -> 0 | H89: =F89*G89 -> 0 | I89: =E89-H89 -> 0
A91: MEMÓRIA DE CÁLCULO DO VALE ALIMENTAÇÃO
A92: Valor Unitário | C92: Dias por mês | D92: Vale p/dia | E92: Custo total | F92: Base de cálculo | G92: Percentual de desconto | H92: =H84 -> Valor desconto | I92: Custo efetivo
A93: =I15 -> 0 | C93: =I16 -> 0 | D93: 1 | E93: =A93*C93*D93 -> 0 | F93: =E93 -> 0 | G93: =I17 -> 0 | H93: =F93*G93 -> 0 | I93: =E93-H93 -> 0
A95: TOTAL DO MONTANTE A (I + II + III+ IV + V +VI) | H95: =H37+H73+H81 -> 1.7593413 | I95: =I37+I73+I81 -> 6888.8767
A97: MONTANTE B
A98: I | B98: Despesas Diretas | H98: % | I98: Valor Mensal/unidade de serviço (R$)
A99: 1 | B99: Transporte (6) | H99: =I99/$I$110 -> 0 | I99: 0
A100: 2 | B100: Uniformes/EPI (6a) | H100: =I100/$I$110 -> 0 | I100: =IF(F108=10%,G108,0) -> 0
A101: 3 | B101: Seguro de vida | H101: =I101/$I$110 -> 0 | I101: 0
A102: 4 | B102: Materiais/Equipamentos | H102: =I102/$I$110 -> 0 | I102: 0
A103: 5 | B103: Mobilização (7) | H103: =I103/$I$110 -> 0 | I103: 0
A104: 6 | B104: Outros (especificar) | H104: =I104/$I$110 -> 0 | I104: 0
A105: Total de Despesas Diretas | H105: =H99+H100+H101+H102+H103+H104 -> 0 | I105: =SUM(I99:I104) -> 0
B106: (6) Somente será preenchido quando o licitante fornecer transporte próprio (6a) EPI - Equipamento de Proteção Individual (7) Tais custos de mobilização não são renováveis, devendo ser eliminados após o primeiro ano de contrato caso haja prorrogação
A108: LIMITE QUADRO I (Despesas Diretas) sobre Montante A (exceto Vale-transporte), conforme alíneas "b.2" e "b.3", Inc. II, art. 7º, do Decreto 52.768/2015, alterado pelo Decreto 53.424/2017: 10% SEM MATERIAIS/EQUIPAMENTOS; 20% COM MATERIAIS/EQUIPAMENTOS | F108: =I25 -> 0.2 | G108: =I110*F108 -> 1371.6793 | H108: Dedução Vale Transporte | I108: =I78 -> 30.48
A109: Remuneração (Grupo I) | C109: Obrigações Sociais (Grupo II) | D109: Tempo Não Trabalhado (Grupo III) | E109: Indenizações (Grupo IV) | F109: Incidências (Grupo V) | G109: Demais Custos CCT | H109: Total Montante A | I109: Base de Cálculo
A110: =I37 -> 3915.6 | C110: =I48 -> 1440.9408 | D110: =I60 -> 998.25481 | E110: =I67 -> 136.2433 | F110: =I71 -> 367.35777 | G110: =I81 -> 30.48 | H110: =A110+C110+D110+E110+F110+G110 -> 6888.8767 | I110: =H110-I108 -> 6858.3967
A112: II | B112: Despesas Indiretas | H112: % | I112: Valor Mensal/unidade de serviço (R$)
...

Sheet Técnico em Edificações
A1: PLANILHA DE CUSTOS E FORMAÇÃO DE PREÇOS DE SERVIÇOS CONTINUADOS COM DEDICAÇÃO EXCLUSIVA DE MÃO DE OBRA (ANEXO III - DECRETO 52.768 de 15.12.2015)
A2: PROCESSO: | C2: 23/1300-0006172-0 | E2: REGIME DE TRIBUTAÇÃO: LUCRO REAL
A3: LICITAÇÃO/EDITAL | E3: ABERTURA:
A5: Cargo/Função: | D5: Técnico em Edificações | G5: =IF(D6="12x36","Regime de trabalho:","Quantidade de HORAS/MÊS") -> Quantidade de HORAS/MÊS | I5: =IF(D6="12x36",D6,5*D6) -> 200
A6: =IF(D6="12x36","Regime de trabalho:","Regime de trabalho (horas semanais):") -> Regime de trabalho (horas semanais): | D6: 40
A7: Convenção Coletiva de Trabalho: | D7: RS002555/2024 | G7: INSALUBRIDADE (10%, 20%, 40%) | I7: Não aplicável
A8: Origem do salário: | D8: RS002555/2024
A9: Cidade: | D9: Porto Alegre | G9: PERICULOSIDADE (30%) | I9: Não aplicável
A10: Salário Normativo | G10: Vlr. do salário e nº de horas correspondentes | H10: 220 | I10: 3313.2
A11: ISS | G11: =D9 -> Porto Alegre | H11: Alíquota | I11: 0.02
A12: Tarifa Transporte | G12: CCT | H12: Vr. Unitário | I12: 4.8
H13: Dias | I13: 22
H14: Desconto | I14: 0.06
A15: Auxílio Alimentação | G15: CCT | H15: Vr. Unitário | I15: 0
H16: Dias | I16: 0
H17: Desconto | I17: 0
A18: Auxílio Lanche | G18: CCT | H18: Vr. Unitário | I18: 0
H19: Dias | I19: 0
H20: Desconto | I20: 0
A21: Outros benefícios que refletem na planilha de custos, caso constem na CCT. | G21: CCT | H21: Valor mensal | I21: Não aplicável
A22: Adicional de Supervisor (37%) | H22: Porcentagem | I22: Não aplicável
A23: Base de cálculo da insalubridade | H23: Valor | I23: Não aplicável
A24: Hora Intervalar | H24: Horas por mês | I24: Não aplicável
A25: Sem fornecimento de materiais ou apenas fornecimento de EPIs ou uniformes, utilizar 10%. Com fornecimento de materiais ou equipamentos, utilizar 20%. (Decreto 52.768/2015, alterado pelo Decreto 53.424/2017) | H25: Porcentagem | I25: 0.2
A27: MONTANTE A
A28: I | B28: Remuneração - Grupo I | H28: % | I28: Valor Mensal/unidade de serviço (R$)
A29: 1 | B29: Salário | H29: =I29/$I$37 -> 1 | I29: =IF(D6="12x36",I10,I10/H10*I5) -> 3012
A30: =A29+1 -> 2 | B30: Adicional Periculosidade 30% (Ver súmulas 364, 132 e 191 do TST) | H30: =I30/$I$37 -> 0 | I30: =IF(I9=30%,I29*I9,0) -> 0
A31: =A30+1 -> 3 | B31: Adicional Insalubridade 10% (Ver súmula 228 e 139 TST) | H31: =I31/$I$37 -> 0 | I31: =IF(I7=10%,I23*I7,0) -> 0
A32: =A31+1 -> 4 | B32: Adicional Insalubridade 20% (Ver súmula 228 e 139 TST) | H32: =I32/$I$37 -> 0 | I32: =IF(I7=20%,I23*I7,0) -> 0
A33: =A32+1 -> 5 | B33: Adicional Insalubridade 40% (Ver súmula 228 e 139 TST) | H33: =I33/$I$37 -> 0 | I33: =IF(I7=40%,I23*I7,0) -> 0
A34: =A33+1 -> 6 | B34: Adicional de Supervisor (IN 02/2008 MPOG SLTI) | H34: =I34/$I$37 -> 0 | I34: =IF(I22="Não aplicável",0,I29*I22) -> 0
A35: =A34+1 -> 7 | B35: DSR - Descanso Semanal Remunerado | H35: =I35/$I$37 -> 0 | I35: 0
A36: =A35+1 -> 8 | B36: =IF(D6="12x36","Para postos 12x36 os feriados são considerados compensados, conforme parágrafo único, Art. 59-A da CLT","Outros") -> Outros | H36: =I36/$I$37 -> 0 | I36: 0
A37: Total de Remuneração | H37: =SUM(H29:H36) -> 1 | I37: =SUM(I29:I36) -> 3012
A39: II | B39: Encargos Sociais - Grupo II: Obrigações Sociais | H39: % | I39: Valor Mensal/unidade de serviço (R$)
A40: 1 | B40: INSS (art. 22, inc. I, Lei nº 8.212/91) | H40: 0.2 | I40: =$I$37*H40 -> 602.4
A41: 2 | B41: SESI ou SESC (art. 30, Lei nº 8.036/90) | H41: 0.015 | I41: =$I$37*H41 -> 45.18
A42: 3 | B42: SENAI ou SENAC (Decreto-Lei nº 2.318/86) | H42: 0.01 | I42: =$I$37*H42 -> 30.12
A43: 4 | B43: INCRA (art. 15I, Lei Complementar nº 011/71) | H43: 0.002 | I43: =$I$37*H43 -> 6.024
A44: 5 | B44: SALÁRIO EDUCAÇÃO (art. , inc. I, Decreto nº 87.043/82) | H44: 0.025 | I44: =$I$37*H44 -> 75.3
A45: 6 | B45: FGTS (art. 15, Lei nº 8.036/90) | H45: 0.08 | I45: =$I$37*H45 -> 240.96
A46: 7 | B46: SEG. ACIDENTE DO TRABALHO 1%, 2% e 3% (art. 22, inc. II, alíneas "b" e "c", da Lei nº 8.212/91) | H46: 0.03 | I46: =$I$37*H46 -> 90.36
A47: 8 | B47: SEBRAE (§ 3º, art. 8º, Lei nº 8.029/90) | H47: 0.006 | I47: =$I$37*H47 -> 18.072
A48: Total do Grupo II | H48: =SUM(H40:H47) -> 0.368 | I48: =SUM(I40:I47) -> 1108.416
A49: Os percentuais para o SAT podem variar de 0,50% a 6,00% em função do Fator de Acidente Previdenciário (FAP), Decreto nº 6.957/2009
A50: Deverá obrigatoriamente acompanhar a proposta de preços e a planilha de custos e formação de preços a prova do Fator Acidentário de Prevenção – FAP por meio de impressão de consulta ao site do Ministério da Previdência Social (que pode ser obtido no endereço eletrônico http://www2.dataprev.gov.br/fap/fap.htm), independentemente de alteração da alíquota da parcela do Seguro Acidente de Trabalho disposta no Quadro II da referida planilha.
A51: III | B51: Encargos Sociais - Grupo III: Tempo Não Trabalhado | H51: % | I51: Valor Mensal/unidade de serviço (R$)
A52: 1 | B52: FÉRIAS GOZADAS + ADICIONAL DE FÉRIAS | H52: 0.119314 | I52: =$I$37*H52 -> 359.37377
A53: 2 | B53: FALTAS ABONADAS (3) | H53: 0.020479 | I53: =$I$37*H53 -> 61.682748
A54: 3 | B54: FALTAS LEGAIS (4) | H54: 0.012123 | I54: =$I$37*H54 -> 36.514476
A55: 4 | B55: LICENÇA MATERNIDADE | H55: 0.011436 | I55: =$I$37*H55 -> 34.445232
A56: 5 | B56: LICENÇA PATERNIDADE | H56: 0.000174 | I56: =$I$37*H56 -> 0.524088
A57: 6 | B57: ACIDENTE DE TRABALHO | H57: 0.000442 | I57: =$I$37*H57 -> 1.331304
A58: 7 | B58: AVISO PRÉVIO TRABALHADO | H58: 0.000185 | I58: =$I$37*H58 -> 0.55722
A59: 8 | B59: 13º SALÁRIO | H59: 0.09079 | I59: =$I$37*H59 -> 273.45948
A60: Total do Grupo III | H60: =SUM(H52:H59) -> 0.254943 | I60: =SUM(I52:I59) -> 767.88832
A61: (3) | B61: Faltas Justificadas por Auxílio Doença
A62: (4) | B62: Faltas Legais - Art. 473 CLT
A63: IV | B63: Encargos Sociais - Grupo IV: Indenizações | H63: % | I63: Valor Mensal/unidade de serviço (R$)
A64: 1 | B64: INDENIZAÇÕES | H64: 0.023627 | I64: =$I$37*H64 -> 71.164524
A65: 2 | B65: FGTS SOBRE INDENIZAÇÕES | H65: 0.001717 | I65: =$I$37*H65 -> 5.171604
A66: 3 | B66: INDENIZAÇÃO COMPENSATÓRIA POR DEMISSÃO SEM JUSTA CAUSA | H66: 0.009451 | I66: =$I$37*H66 -> 28.466412
A67: Total do Grupo IV | H67: =SUM(H64:H66) -> 0.034795 | I67: =SUM(I64:I66) -> 104.80254
A69: V | B69: Encargos Sociais - Grupo V: Incidências | H69: % | I69: Valor Mensal/unidade de serviço (R$)
A70: 1 | B70: INCIDÊNCIA GRUPO II (Obrigações Sociais) X GRUPO III (Tempo Não Trabalhado) | H70: =(H48*H60) -> 0.093819024 | I70: =$I$37*H70 -> 282.5829
A71: Total do Grupo V | H71: =SUM(H70:H70) -> 0.093819024 | I71: =I70 -> 282.5829
A73: TOTAL DOS ENCAGOS SOCIAIS (II + III + IV + V) | H73: =H48+H60+H67+H71 -> 0.75155702 | I73: =I48+I60+I67+I71 -> 2263.6898
A75: VI | B75: Demais custos relativos à Norma Coletiva ou Disposições Legais - Grupo VI | H75: % | I75: Valor Mensal/unidade de serviço (R$)
A76: 1 | B76: Auxílio Alimentação | H76: =I76/$I$37 -> 0 | I76: =I93 -> 0
A77: 2 | B77: Auxílio Lanche | H77: =I77/$I$37 -> 0 | I77: =I89 -> 0
A78: 3 | B78: Vale-Transporte⁽⁵⁾ | H78: =I78/$I$37 -> 0.010119522 | I78: =I85 -> 30.48
A79: 4 | B79: Adicional Intervalar | H79: =I79/$I$37 -> 0 | I79: =IF(I24="Não aplicável",0,((I10/H10)*1.5*I24)) -> 0
A80: 5 | B80: Outros | H80: =I80/$I$37 -> 0 | I80: =IF(I21="Não aplicável",0,I21) -> 0
A81: Total do Grupo VI | H81: =SUM(H76:H80) -> 0.010119522 | I81: =SUM(I76:I80) -> 30.48
A82: (5) | B82: O valor do vale-transporte pode variar de acordo com o modal fornecido pelo empregador.
A83: MEMÓRIA DE CÁLCULO DO VALE TRANSPORTE
A84: Valor Unitário | C84: Dias de Trabalho | D84: Vale p/dia | E84: Custo total | F84: Base de cálculo | G84: Percentual de desconto | H84: Valor desconto | I84: Custo efetivo
A85: =I12 -> 4.8 | C85: =I13 -> 22 | D85: 2 | E85: =A85*C85*D85 -> 211.2 | F85: =I29 -> 3012 | G85: =I14 -> 0.06 | H85: =F85*G85 -> 180.72 | I85: =IF((E85-H85)>0,E85-H85,0) -> 30.48
A87: MEMÓRIA DE CÁLCULO DO VALE LANCHE
A88: Valor Unitário | C88: Dias por mês | D88: Vale p/dia | E88: Custo total | F88: Base de cálculo | G88: Percentual de desconto | H88: Valor desconto | I88: Custo efetivo
A89: =I18 -> 0 | C89: =I19 -> 0 | D89: 1 | E89: =A89*C89*D89 -> 0 | F89: =E89 -> 0 | G89: =I20 -> 0 | H89: =F89*G89 -> 0 | I89: =E89-H89 -> 0
A91: MEMÓRIA DE CÁLCULO DO VALE ALIMENTAÇÃO
A92: Valor Unitário | C92: Dias por mês | D92: Vale p/dia | E92: Custo total | F92: Base de cálculo | G92: Percentual de desconto | H92: =H84 -> Valor desconto | I92: Custo efetivo
A93: =I15 -> 0 | C93: =I16 -> 0 | D93: 1 | E93: =A93*C93*D93 -> 0 | F93: =E93 -> 0 | G93: =I17 -> 0 | H93: =F93*G93 -> 0 | I93: =E93-H93 -> 0
A95: TOTAL DO MONTANTE A (I + II + III+ IV + V +VI) | H95: =H37+H73+H81 -> 1.7616765 | I95: =I37+I73+I81 -> 5306.1698
A97: MONTANTE B
A98: I | B98: Despesas Diretas | H98: % | I98: Valor Mensal/unidade de serviço (R$)
A99: 1 | B99: Transporte (6) | H99: =I99/$I$110 -> 0 | I99: 0
A100: 2 | B100: Uniformes/EPI (6a) | H100: =I100/$I$110 -> 0 | I100: =IF(F108=10%,G108,0) -> 0
A101: 3 | B101: Seguro de vida | H101: =I101/$I$110 -> 0 | I101: 0
A102: 4 | B102: Materiais/Equipamentos | H102: =I102/$I$110 -> 0 | I102: 0
A103: 5 | B103: Mobilização (7) | H103: =I103/$I$110 -> 0 | I103: 0
A104: 6 | B104: Outros (especificar) | H104: =I104/$I$110 -> 0 | I104: 0
A105: Total de Despesas Diretas | H105: =H99+H100+H101+H102+H103+H104 -> 0 | I105: =SUM(I99:I104) -> 0
B106: (6) Somente será preenchido quando o licitante fornecer transporte próprio (6a) EPI - Equipamento de Proteção Individual (7) Tais custos de mobilização não são renováveis, devendo ser eliminados após o primeiro ano de contrato caso haja prorrogação
A108: LIMITE QUADRO I (Despesas Diretas) sobre Montante A (exceto Vale-transporte), conforme alíneas "b.2" e "b.3", Inc. II, art. 7º, do Decreto 52.768/2015, alterado pelo Decreto 53.424/2017: 10% SEM MATERIAIS/EQUIPAMENTOS; 20% COM MATERIAIS/EQUIPAMENTOS | F108: =I25 -> 0.2 | G108: =I110*F108 -> 1055.138 | H108: Dedução Vale Transporte | I108: =I78 -> 30.48
A109: Remuneração (Grupo I) | C109: Obrigações Sociais (Grupo II) | D109: Tempo Não Trabalhado (Grupo III) | E109: Indenizações (Grupo IV) | F109: Incidências (Grupo V) | G109: Demais Custos CCT | H109: Total Montante A | I109: Base de Cálculo
A110: =I37 -> 3012 | C110: =I48 -> 1108.416 | D110: =I60 -> 767.88832 | E110: =I67 -> 104.80254 | F110: =I71 -> 282.5829 | G110: =I81 -> 30.48 | H110: =A110+C110+D110+E110+F110+G110 -> 5306.1698 | I110: =H110-I108 -> 5275.6898
A112: II | B112: Despesas Indiretas | H112: % | I112: Valor Mensal/unidade de serviço (R$)
...

Sheet Engenheiro Civil
A1: PLANILHA DE CUSTOS E FORMAÇÃO DE PREÇOS DE SERVIÇOS CONTINUADOS COM DEDICAÇÃO EXCLUSIVA DE MÃO DE OBRA (ANEXO III - DECRETO 52.768 de 15.12.2015)
A2: PROCESSO: | C2: 23/1300-0006172-0 | E2: REGIME DE TRIBUTAÇÃO: LUCRO REAL
A3: LICITAÇÃO/EDITAL | E3: ABERTURA:
A5: Cargo/Função: | D5: Engenheiro Civil | G5: =IF(D6="12x36","Regime de trabalho:","Quantidade de HORAS/MÊS") -> Quantidade de HORAS/MÊS | I5: =IF(D6="12x36",D6,5*D6) -> 200
A6: =IF(D6="12x36","Regime de trabalho:","Regime de trabalho (horas semanais):") -> Regime de trabalho (horas semanais): | D6: 40
A7: Convenção Coletiva de Trabalho: | D7: SENGE/RS | G7: INSALUBRIDADE (10%, 20%, 40%) | I7: Não aplicável
A8: Origem do salário: | D8: Parecer nº 17.417/2018 da PGE e Informação CONTRATOS nº 0174/2024 às fls. 1560-1583.
A9: Cidade: | D9: Porto Alegre | G9: PERICULOSIDADE (30%) | I9: Não aplicável
A10: Salário Normativo | G10: Vlr. do salário e nº de horas correspondentes | H10: 200 | I10: 10830.77
A11: ISS | G11: =D9 -> Porto Alegre | H11: Alíquota | I11: 0.02
A12: Tarifa Transporte | G12: CCT | H12: Vr. Unitário | I12: 4.8
H13: Dias | I13: 22
H14: Desconto | I14: 0.06
A15: Auxílio Alimentação | G15: CCT | H15: Vr. Unitário | I15: 0
H16: Dias | I16: 0
H17: Desconto | I17: 0
A18: Auxílio Lanche | G18: CCT | H18: Vr. Unitário | I18: 0
H19: Dias | I19: 0
H20: Desconto | I20: 0
A21: Outros benefícios que refletem na planilha de custos, caso constem na CCT. | G21: CCT | H21: Valor mensal | I21: Não aplicável
A22: Adicional de Supervisor (37%) | H22: Porcentagem | I22: Não aplicável
A23: Base de cálculo da insalubridade | H23: Valor | I23: Não aplicável
A24: Hora Intervalar | H24: Horas por mês | I24: Não aplicável
A25: Sem fornecimento de materiais ou apenas fornecimento de EPIs ou uniformes, utilizar 10%. Com fornecimento de materiais ou equipamentos, utilizar 20%. (Decreto 52.768/2015, alterado pelo Decreto 53.424/2017) | H25: Porcentagem | I25: 0.2
A27: MONTANTE A
A28: I | B28: Remuneração - Grupo I | H28: % | I28: Valor Mensal/unidade de serviço (R$)
A29: 1 | B29: Salário | H29: =I29/$I$37 -> 1 | I29: =IF(D6="12x36",I10,I10/H10*I5) -> 10830.77
A30: =A29+1 -> 2 | B30: Adicional Periculosidade 30% (Ver súmulas 364, 132 e 191 do TST) | H30: =I30/$I$37 -> 0 | I30: =IF(I9=30%,I29*I9,0) -> 0
A31: =A30+1 -> 3 | B31: Adicional Insalubridade 10% (Ver súmula 228 e 139 TST) | H31: =I31/$I$37 -> 0 | I31: =IF(I7=10%,I23*I7,0) -> 0
A32: =A31+1 -> 4 | B32: Adicional Insalubridade 20% (Ver súmula 228 e 139 TST) | H32: =I32/$I$37 -> 0 | I32: =IF(I7=20%,I23*I7,0) -> 0
A33: =A32+1 -> 5 | B33: Adicional Insalubridade 40% (Ver súmula 228 e 139 TST) | H33: =I33/$I$37 -> 0 | I33: =IF(I7=40%,I23*I7,0) -> 0
A34: =A33+1 -> 6 | B34: Adicional de Supervisor (IN 02/2008 MPOG SLTI) | H34: =I34/$I$37 -> 0 | I34: =IF(I22="Não aplicável",0,I29*I22) -> 0
A35: =A34+1 -> 7 | B35: DSR - Descanso Semanal Remunerado | H35: =I35/$I$37 -> 0 | I35: 0
A36: =A35+1 -> 8 | B36: =IF(D6="12x36","Para postos 12x36 os feriados são considerados compensados, conforme parágrafo único, Art. 59-A da CLT","Outros") -> Outros | H36: =I36/$I$37 -> 0 | I36: 0
A37: Total de Remuneração | H37: =SUM(H29:H36) -> 1 | I37: =SUM(I29:I36) -> 10830.77
A39: II | B39: Encargos Sociais - Grupo II: Obrigações Sociais | H39: % | I39: Valor Mensal/unidade de serviço (R$)
A40: 1 | B40: INSS (art. 22, inc. I, Lei nº 8.212/91) | H40: 0.2 | I40: =$I$37*H40 -> 2166.154
A41: 2 | B41: SESI ou SESC (art. 30, Lei nº 8.036/90) | H41: 0.015 | I41: =$I$37*H41 -> 162.46155
A42: 3 | B42: SENAI ou SENAC (Decreto-Lei nº 2.318/86) | H42: 0.01 | I42: =$I$37*H42 -> 108.3077
A43: 4 | B43: INCRA (art. 15I, Lei Complementar nº 011/71) | H43: 0.002 | I43: =$I$37*H43 -> 21.66154
A44: 5 | B44: SALÁRIO EDUCAÇÃO (art. , inc. I, Decreto nº 87.043/82) | H44: 0.025 | I44: =$I$37*H44 -> 270.76925
A45: 6 | B45: FGTS (art. 15, Lei nº 8.036/90) | H45: 0.08 | I45: =$I$37*H45 -> 866.4616
A46: 7 | B46: SEG. ACIDENTE DO TRABALHO 1%, 2% e 3% (art. 22, inc. II, alíneas "b" e "c", da Lei nº 8.212/91) | H46: 0.03 | I46: =$I$37*H46 -> 324.9231
A47: 8 | B47: SEBRAE (§ 3º, art. 8º, Lei nº 8.029/90) | H47: 0.006 | I47: =$I$37*H47 -> 64.98462
A48: Total do Grupo II | H48: =SUM(H40:H47) -> 0.368 | I48: =SUM(I40:I47) -> 3985.7234
A49: Os percentuais para o SAT podem variar de 0,50% a 6,00% em função do Fator de Acidente Previdenciário (FAP), Decreto nº 6.957/2009
A50: Deverá obrigatoriamente acompanhar a proposta de preços e a planilha de custos e formação de preços a prova do Fator Acidentário de Prevenção – FAP por meio de impressão de consulta ao site do Ministério da Previdência Social (que pode ser obtido no endereço eletrônico http://www2.dataprev.gov.br/fap/fap.htm), independentemente de alteração da alíquota da parcela do Seguro Acidente de Trabalho disposta no Quadro II da referida planilha.
A51: III | B51: Encargos Sociais - Grupo III: Tempo Não Trabalhado | H51: % | I51: Valor Mensal/unidade de serviço (R$)
A52: 1 | B52: FÉRIAS GOZADAS + ADICIONAL DE FÉRIAS | H52: 0.119314 | I52: =$I$37*H52 -> 1292.2625
A53: 2 | B53: FALTAS ABONADAS (3) | H53: 0.020479 | I53: =$I$37*H53 -> 221.80334
A54: 3 | B54: FALTAS LEGAIS (4) | H54: 0.012123 | I54: =$I$37*H54 -> 131.30142
A55: 4 | B55: LICENÇA MATERNIDADE | H55: 0.011436 | I55: =$I$37*H55 -> 123.86069
A56: 5 | B56: LICENÇA PATERNIDADE | H56: 0.000174 | I56: =$I$37*H56 -> 1.884554
A57: 6 | B57: ACIDENTE DE TRABALHO | H57: 0.000442 | I57: =$I$37*H57 -> 4.7872003
A58: 7 | B58: AVISO PRÉVIO TRABALHADO | H58: 0.000185 | I58: =$I$37*H58 -> 2.0036924
A59: 8 | B59: 13º SALÁRIO | H59: 0.09079 | I59: =$I$37*H59 -> 983.32561
A60: Total do Grupo III | H60: =SUM(H52:H59) -> 0.254943 | I60: =SUM(I52:I59) -> 2761.229
A61: (3) | B61: Faltas Justificadas por Auxílio Doença
A62: (4) | B62: Faltas Legais - Art. 473 CLT
A63: IV | B63: Encargos Sociais - Grupo IV: Indenizações | H63: % | I63: Valor Mensal/unidade de serviço (R$)
A64: 1 | B64: INDENIZAÇÕES | H64: 0.023627 | I64: =$I$37*H64 -> 255.8986
A65: 2 | B65: FGTS SOBRE INDENIZAÇÕES | H65: 0.001717 | I65: =$I$37*H65 -> 18.596432
A66: 3 | B66: INDENIZAÇÃO COMPENSATÓRIA POR DEMISSÃO SEM JUSTA CAUSA | H66: 0.009451 | I66: =$I$37*H66 -> 102.36161
A67: Total do Grupo IV | H67: =SUM(H64:H66) -> 0.034795 | I67: =SUM(I64:I66) -> 376.85664
A69: V | B69: Encargos Sociais - Grupo V: Incidências | H69: % | I69: Valor Mensal/unidade de serviço (R$)
A70: 1 | B70: INCIDÊNCIA GRUPO II (Obrigações Sociais) X GRUPO III (Tempo Não Trabalhado) | H70: =(H48*H60) -> 0.093819024 | I70: =$I$37*H70 -> 1016.1323
A71: Total do Grupo V | H71: =SUM(H70:H70) -> 0.093819024 | I71: =I70 -> 1016.1323
A73: TOTAL DOS ENCAGOS SOCIAIS (II + III + IV + V) | H73: =H48+H60+H67+H71 -> 0.75155702 | I73: =I48+I60+I67+I71 -> 8139.9413
A75: VI | B75: Demais custos relativos à Norma Coletiva ou Disposições Legais - Grupo VI | H75: % | I75: Valor Mensal/unidade de serviço (R$)
A76: 1 | B76: Auxílio Alimentação | H76: =I76/$I$37 -> 0 | I76: =I93 -> 0
A77: 2 | B77: Auxílio Lanche | H77: =I77/$I$37 -> 0 | I77: =I89 -> 0
A78: 3 | B78: Vale-Transporte⁽⁵⁾ | H78: =I78/$I$37 -> 0 | I78: =I85 -> 0
A79: 4 | B79: Adicional Intervalar | H79: =I79/$I$37 -> 0 | I79: =IF(I24="Não aplicável",0,((I10/H10)*1.5*I24)) -> 0
A80: 5 | B80: Outros | H80: =I80/$I$37 -> 0 | I80: =IF(I21="Não aplicável",0,I21) -> 0
A81: Total do Grupo VI | H81: =SUM(H76:H80) -> 0 | I81: =SUM(I76:I80) -> 0
A82: (5) | B82: O valor do vale-transporte pode variar de acordo com o modal fornecido pelo empregador.
A83: MEMÓRIA DE CÁLCULO DO VALE TRANSPORTE
A84: Valor Unitário | C84: Dias de Trabalho | D84: Vale p/dia | E84: Custo total | F84: Base de cálculo | G84: Percentual de desconto | H84: Valor desconto | I84: Custo efetivo
A85: =I12 -> 4.8 | C85: =I13 -> 22 | D85: 2 | E85: =A85*C85*D85 -> 211.2 | F85: =I29 -> 10830.77 | G85: =I14 -> 0.06 | H85: =F85*G85 -> 649.8462 | I85: =IF((E85-H85)>0,E85-H85,0) -> 0
A87: MEMÓRIA DE CÁLCULO DO VALE LANCHE
A88: Valor Unitário | C88: Dias por mês | D88: Vale p/dia | E88: Custo total | F88: Base de cálculo | G88: Percentual de desconto | H88: Valor desconto | I88: Custo efetivo
A89: =I18 -> 0 | C89: =I19 -> 0 | D89: 1 | E89: =A89*C89*D89 -> 0 | F89: =E89 -> 0 | G89: =I20 -> 0 | H89: =F89*G89 -> 0 | I89: =E89-H89 -> 0
A91: MEMÓRIA DE CÁLCULO DO VALE ALIMENTAÇÃO
A92: Valor Unitário | C92: Dias por mês | D92: Vale p/dia | E92: Custo total | F92: Base de cálculo | G92: Percentual de desconto | H92: =H84 -> Valor desconto | I92: Custo efetivo
A93: =I15 -> 0 | C93: =I16 -> 0 | D93: 1 | E93: =A93*C93*D93 -> 0 | F93: =E93 -> 0 | G93: =I17 -> 0 | H93: =F93*G93 -> 0 | I93: =E93-H93 -> 0
A95: TOTAL DO MONTANTE A (I + II + III+ IV + V +VI) | H95: =H37+H73+H81 -> 1.751557 | I95: =I37+I73+I81 -> 18970.711
A97: MONTANTE B
A98: I | B98: Despesas Diretas | H98: % | I98: Valor Mensal/unidade de serviço (R$)
A99: 1 | B99: Transporte (6) | H99: =I99/$I$110 -> 0 | I99: 0
A100: 2 | B100: Uniformes/EPI (6a) | H100: =I100/$I$110 -> 0 | I100: =IF(F108=10%,G108,0) -> 0
A101: 3 | B101: Seguro de vida | H101: =I101/$I$110 -> 0 | I101: 0
A102: 4 | B102: Materiais/Equipamentos | H102: =I102/$I$110 -> 0 | I102: 0
A103: 5 | B103: Mobilização (7) | H103: =I103/$I$110 -> 0 | I103: 0
A104: 6 | B104: Outros (especificar) | H104: =I104/$I$110 -> 0 | I104: 0
A105: Total de Despesas Diretas | H105: =H99+H100+H101+H102+H103+H104 -> 0 | I105: =SUM(I99:I104) -> 0
B106: (6) Somente será preenchido quando o licitante fornecer transporte próprio (6a) EPI - Equipamento de Proteção Individual (7) Tais custos de mobilização não são renováveis, devendo ser eliminados após o primeiro ano de contrato caso haja prorrogação
A108: LIMITE QUADRO I (Despesas Diretas) sobre Montante A (exceto Vale-transporte), conforme alíneas "b.2" e "b.3", Inc. II, art. 7º, do Decreto 52.768/2015, alterado pelo Decreto 53.424/2017: 10% SEM MATERIAIS/EQUIPAMENTOS; 20% COM MATERIAIS/EQUIPAMENTOS | F108: =I25 -> 0.2 | G108: =I110*F108 -> 3794.1423 | H108: Dedução Vale Transporte | I108: =I78 -> 0
A109: Remuneração (Grupo I) | C109: Obrigações Sociais (Grupo II) | D109: Tempo Não Trabalhado (Grupo III) | E109: Indenizações (Grupo IV) | F109: Incidências (Grupo V) | G109: Demais Custos CCT | H109: Total Montante A | I109: Base de Cálculo
A110: =I37 -> 10830.77 | C110: =I48 -> 3985.7234 | D110: =I60 -> 2761.229 | E110: =I67 -> 376.85664 | F110: =I71 -> 1016.1323 | G110: =I81 -> 0 | H110: =A110+C110+D110+E110+F110+G110 -> 18970.711 | I110: =H110-I108 -> 18970.711
A112: II | B112: Despesas Indiretas | H112: % | I112: Valor Mensal/unidade de serviço (R$)
...

Sheet Engenheiro Mecânico
A1: PLANILHA DE CUSTOS E FORMAÇÃO DE PREÇOS DE SERVIÇOS CONTINUADOS COM DEDICAÇÃO EXCLUSIVA DE MÃO DE OBRA (ANEXO III - DECRETO 52.768 de 15.12.2015)
A2: PROCESSO: | C2: 23/1300-0006172-0 | E2: REGIME DE TRIBUTAÇÃO: LUCRO REAL
A3: LICITAÇÃO/EDITAL | E3: ABERTURA:
A5: Cargo/Função: | D5: Engenheiro Mecânico | G5: =IF(D6="12x36","Regime de trabalho:","Quantidade de HORAS/MÊS") -> Quantidade de HORAS/MÊS | I5: =IF(D6="12x36",D6,5*D6) -> 200
A6: =IF(D6="12x36","Regime de trabalho:","Regime de trabalho (horas semanais):") -> Regime de trabalho (horas semanais): | D6: 40
A7: Convenção Coletiva de Trabalho: | D7: SENGE/RS | G7: INSALUBRIDADE (10%, 20%, 40%) | I7: Não aplicável
A8: Origem do salário: | D8: Parecer nº 17.417/2018 da PGE e Informação CONTRATOS nº 0174/2024 às fls. 1560-1583.
A9: Cidade: | D9: Porto Alegre | G9: PERICULOSIDADE (30%) | I9: Não aplicável
A10: Salário Normativo | G10: Vlr. do salário e nº de horas correspondentes | H10: 200 | I10: 10830.77
A11: ISS | G11: =D9 -> Porto Alegre | H11: Alíquota | I11: 0.02
A12: Tarifa Transporte | G12: CCT | H12: Vr. Unitário | I12: 4.8
H13: Dias | I13: 22
H14: Desconto | I14: 0.06
A15: Auxílio Alimentação | G15: CCT | H15: Vr. Unitário | I15: 0
H16: Dias | I16: 0
H17: Desconto | I17: 0
A18: Auxílio Lanche | G18: CCT | H18: Vr. Unitário | I18: 0
H19: Dias | I19: 0
H20: Desconto | I20: 0
A21: Outros benefícios que refletem na planilha de custos, caso constem na CCT. | G21: CCT | H21: Valor mensal | I21: Não aplicável
A22: Adicional de Supervisor (37%) | H22: Porcentagem | I22: Não aplicável
A23: Base de cálculo da insalubridade | H23: Valor | I23: Não aplicável
A24: Hora Intervalar | H24: Horas por mês | I24: Não aplicável
A25: Sem fornecimento de materiais ou apenas fornecimento de EPIs ou uniformes, utilizar 10%. Com fornecimento de materiais ou equipamentos, utilizar 20%. (Decreto 52.768/2015, alterado pelo Decreto 53.424/2017) | H25: Porcentagem | I25: 0.2
A27: MONTANTE A
A28: I | B28: Remuneração - Grupo I | H28: % | I28: Valor Mensal/unidade de serviço (R$)
A29: 1 | B29: Salário | H29: =I29/$I$37 -> 1 | I29: =IF(D6="12x36",I10,I10/H10*I5) -> 10830.77
A30: =A29+1 -> 2 | B30: Adicional Periculosidade 30% (Ver súmulas 364, 132 e 191 do TST) | H30: =I30/$I$37 -> 0 | I30: =IF(I9=30%,I29*I9,0) -> 0
A31: =A30+1 -> 3 | B31: Adicional Insalubridade 10% (Ver súmula 228 e 139 TST) | H31: =I31/$I$37 -> 0 | I31: =IF(I7=10%,I23*I7,0) -> 0
A32: =A31+1 -> 4 | B32: Adicional Insalubridade 20% (Ver súmula 228 e 139 TST) | H32: =I32/$I$37 -> 0 | I32: =IF(I7=20%,I23*I7,0) -> 0
A33: =A32+1 -> 5 | B33: Adicional Insalubridade 40% (Ver súmula 228 e 139 TST) | H33: =I33/$I$37 -> 0 | I33: =IF(I7=40%,I23*I7,0) -> 0
A34: =A33+1 -> 6 | B34: Adicional de Supervisor (IN 02/2008 MPOG SLTI) | H34: =I34/$I$37 -> 0 | I34: =IF(I22="Não aplicável",0,I29*I22) -> 0
A35: =A34+1 -> 7 | B35: DSR - Descanso Semanal Remunerado | H35: =I35/$I$37 -> 0 | I35: 0
A36: =A35+1 -> 8 | B36: =IF(D6="12x36","Para postos 12x36 os feriados são considerados compensados, conforme parágrafo único, Art. 59-A da CLT","Outros") -> Outros | H36: =I36/$I$37 -> 0 | I36: 0
A37: Total de Remuneração | H37: =SUM(H29:H36) -> 1 | I37: =SUM(I29:I36) -> 10830.77
A39: II | B39: Encargos Sociais - Grupo II: Obrigações Sociais | H39: % | I39: Valor Mensal/unidade de serviço (R$)
A40: 1 | B40: INSS (art. 22, inc. I, Lei nº 8.212/91) | H40: 0.2 | I40: =$I$37*H40 -> 2166.154
A41: 2 | B41: SESI ou SESC (art. 30, Lei nº 8.036/90) | H41: 0.015 | I41: =$I$37*H41 -> 162.46155
A42: 3 | B42: SENAI ou SENAC (Decreto-Lei nº 2.318/86) | H42: 0.01 | I42: =$I$37*H42 -> 108.3077
A43: 4 | B43: INCRA (art. 15I, Lei Complementar nº 011/71) | H43: 0.002 | I43: =$I$37*H43 -> 21.66154
A44: 5 | B44: SALÁRIO EDUCAÇÃO (art. , inc. I, Decreto nº 87.043/82) | H44: 0.025 | I44: =$I$37*H44 -> 270.76925
A45: 6 | B45: FGTS (art. 15, Lei nº 8.036/90) | H45: 0.08 | I45: =$I$37*H45 -> 866.4616
A46: 7 | B46: SEG. ACIDENTE DO TRABALHO 1%, 2% e 3% (art. 22, inc. II, alíneas "b" e "c", da Lei nº 8.212/91) | H46: 0.03 | I46: =$I$37*H46 -> 324.9231
A47: 8 | B47: SEBRAE (§ 3º, art. 8º, Lei nº 8.029/90) | H47: 0.006 | I47: =$I$37*H47 -> 64.98462
A48: Total do Grupo II | H48: =SUM(H40:H47) -> 0.368 | I48: =SUM(I40:I47) -> 3985.7234
A49: Os percentuais para o SAT podem variar de 0,50% a 6,00% em função do Fator de Acidente Previdenciário (FAP), Decreto nº 6.957/2009
A50: Deverá obrigatoriamente acompanhar a proposta de preços e a planilha de custos e formação de preços a prova do Fator Acidentário de Prevenção – FAP por meio de impressão de consulta ao site do Ministério da Previdência Social (que pode ser obtido no endereço eletrônico http://www2.dataprev.gov.br/fap/fap.htm), independentemente de alteração da alíquota da parcela do Seguro Acidente de Trabalho disposta no Quadro II da referida planilha.
A51: III | B51: Encargos Sociais - Grupo III: Tempo Não Trabalhado | H51: % | I51: Valor Mensal/unidade de serviço (R$)
A52: 1 | B52: FÉRIAS GOZADAS + ADICIONAL DE FÉRIAS | H52: 0.119314 | I52: =$I$37*H52 -> 1292.2625
A53: 2 | B53: FALTAS ABONADAS (3) | H53: 0.020479 | I53: =$I$37*H53 -> 221.80334
A54: 3 | B54: FALTAS LEGAIS (4) | H54: 0.012123 | I54: =$I$37*H54 -> 131.30142
A55: 4 | B55: LICENÇA MATERNIDADE | H55: 0.011436 | I55: =$I$37*H55 -> 123.86069
A56: 5 | B56: LICENÇA PATERNIDADE | H56: 0.000174 | I56: =$I$37*H56 -> 1.884554
A57: 6 | B57: ACIDENTE DE TRABALHO | H57: 0.000442 | I57: =$I$37*H57 -> 4.7872003
A58: 7 | B58: AVISO PRÉVIO TRABALHADO | H58: 0.000185 | I58: =$I$37*H58 -> 2.0036924
A59: 8 | B59: 13º SALÁRIO | H59: 0.09079 | I59: =$I$37*H59 -> 983.32561
A60: Total do Grupo III | H60: =SUM(H52:H59) -> 0.254943 | I60: =SUM(I52:I59) -> 2761.229
A61: (3) | B61: Faltas Justificadas por Auxílio Doença
A62: (4) | B62: Faltas Legais - Art. 473 CLT
A63: IV | B63: Encargos Sociais - Grupo IV: Indenizações | H63: % | I63: Valor Mensal/unidade de serviço (R$)
A64: 1 | B64: INDENIZAÇÕES | H64: 0.023627 | I64: =$I$37*H64 -> 255.8986
A65: 2 | B65: FGTS SOBRE INDENIZAÇÕES | H65: 0.001717 | I65: =$I$37*H65 -> 18.596432
A66: 3 | B66: INDENIZAÇÃO COMPENSATÓRIA POR DEMISSÃO SEM JUSTA CAUSA | H66: 0.009451 | I66: =$I$37*H66 -> 102.36161
A67: Total do Grupo IV | H67: =SUM(H64:H66) -> 0.034795 | I67: =SUM(I64:I66) -> 376.85664
A69: V | B69: Encargos Sociais - Grupo V: Incidências | H69: % | I69: Valor Mensal/unidade de serviço (R$)
A70: 1 | B70: INCIDÊNCIA GRUPO II (Obrigações Sociais) X GRUPO III (Tempo Não Trabalhado) | H70: =(H48*H60) -> 0.093819024 | I70: =$I$37*H70 -> 1016.1323
A71: Total do Grupo V | H71: =SUM(H70:H70) -> 0.093819024 | I71: =I70 -> 1016.1323
A73: TOTAL DOS ENCAGOS SOCIAIS (II + III + IV + V) | H73: =H48+H60+H67+H71 -> 0.75155702 | I73: =I48+I60+I67+I71 -> 8139.9413
A75: VI | B75: Demais custos relativos à Norma Coletiva ou Disposições Legais - Grupo VI | H75: % | I75: Valor Mensal/unidade de serviço (R$)
A76: 1 | B76: Auxílio Alimentação | H76: =I76/$I$37 -> 0 | I76: =I93 -> 0
A77: 2 | B77: Auxílio Lanche | H77: =I77/$I$37 -> 0 | I77: =I89 -> 0
A78: 3 | B78: Vale-Transporte⁽⁵⁾ | H78: =I78/$I$37 -> 0 | I78: =I85 -> 0
A79: 4 | B79: Adicional Intervalar | H79: =I79/$I$37 -> 0 | I79: =IF(I24="Não aplicável",0,((I10/H10)*1.5*I24)) -> 0
A80: 5 | B80: Outros | H80: =I80/$I$37 -> 0 | I80: =IF(I21="Não aplicável",0,I21) -> 0
A81: Total do Grupo VI | H81: =SUM(H76:H80) -> 0 | I81: =SUM(I76:I80) -> 0
A82: (5) | B82: O valor do vale-transporte pode variar de acordo com o modal fornecido pelo empregador.
A83: MEMÓRIA DE CÁLCULO DO VALE TRANSPORTE
A84: Valor Unitário | C84: Dias de Trabalho | D84: Vale p/dia | E84: Custo total | F84: Base de cálculo | G84: Percentual de desconto | H84: Valor desconto | I84: Custo efetivo
A85: =I12 -> 4.8 | C85: =I13 -> 22 | D85: 2 | E85: =A85*C85*D85 -> 211.2 | F85: =I29 -> 10830.77 | G85: =I14 -> 0.06 | H85: =F85*G85 -> 649.8462 | I85: =IF((E85-H85)>0,E85-H85,0) -> 0
A87: MEMÓRIA DE CÁLCULO DO VALE LANCHE
A88: Valor Unitário | C88: Dias por mês | D88: Vale p/dia | E88: Custo total | F88: Base de cálculo | G88: Percentual de desconto | H88: Valor desconto | I88: Custo efetivo
A89: =I18 -> 0 | C89: =I19 -> 0 | D89: 1 | E89: =A89*C89*D89 -> 0 | F89: =E89 -> 0 | G89: =I20 -> 0 | H89: =F89*G89 -> 0 | I89: =E89-H89 -> 0
A91: MEMÓRIA DE CÁLCULO DO VALE ALIMENTAÇÃO
A92: Valor Unitário | C92: Dias por mês | D92: Vale p/dia | E92: Custo total | F92: Base de cálculo | G92: Percentual de desconto | H92: =H84 -> Valor desconto | I92: Custo efetivo
A93: =I15 -> 0 | C93: =I16 -> 0 | D93: 1 | E93: =A93*C93*D93 -> 0 | F93: =E93 -> 0 | G93: =I17 -> 0 | H93: =F93*G93 -> 0 | I93: =E93-H93 -> 0
A95: TOTAL DO MONTANTE A (I + II + III+ IV + V +VI) | H95: =H37+H73+H81 -> 1.751557 | I95: =I37+I73+I81 -> 18970.711
A97: MONTANTE B
A98: I | B98: Despesas Diretas | H98: % | I98: Valor Mensal/unidade de serviço (R$)
A99: 1 | B99: Transporte (6) | H99: =I99/$I$110 -> 0 | I99: 0
A100: 2 | B100: Uniformes/EPI (6a) | H100: =I100/$I$110 -> 0 | I100: =IF(F108=10%,G108,0) -> 0
A101: 3 | B101: Seguro de vida | H101: =I101/$I$110 -> 0 | I101: 0
A102: 4 | B102: Materiais/Equipamentos | H102: =I102/$I$110 -> 0 | I102: 0
A103: 5 | B103: Mobilização (7) | H103: =I103/$I$110 -> 0 | I103: 0
A104: 6 | B104: Outros (especificar) | H104: =I104/$I$110 -> 0 | I104: 0
A105: Total de Despesas Diretas | H105: =H99+H100+H101+H102+H103+H104 -> 0 | I105: =SUM(I99:I104) -> 0
B106: (6) Somente será preenchido quando o licitante fornecer transporte próprio (6a) EPI - Equipamento de Proteção Individual (7) Tais custos de mobilização não são renováveis, devendo ser eliminados após o primeiro ano de contrato caso haja prorrogação
A108: LIMITE QUADRO I (Despesas Diretas) sobre Montante A (exceto Vale-transporte), conforme alíneas "b.2" e "b.3", Inc. II, art. 7º, do Decreto 52.768/2015, alterado pelo Decreto 53.424/2017: 10% SEM MATERIAIS/EQUIPAMENTOS; 20% COM MATERIAIS/EQUIPAMENTOS | F108: =I25 -> 0.2 | G108: =I110*F108 -> 3794.1423 | H108: Dedução Vale Transporte | I108: =I78 -> 0
A109: Remuneração (Grupo I) | C109: Obrigações Sociais (Grupo II) | D109: Tempo Não Trabalhado (Grupo III) | E109: Indenizações (Grupo IV) | F109: Incidências (Grupo V) | G109: Demais Custos CCT | H109: Total Montante A | I109: Base de Cálculo
A110: =I37 -> 10830.77 | C110: =I48 -> 3985.7234 | D110: =I60 -> 2761.229 | E110: =I67 -> 376.85664 | F110: =I71 -> 1016.1323 | G110: =I81 -> 0 | H110: =A110+C110+D110+E110+F110+G110 -> 18970.711 | I110: =H110-I108 -> 18970.711
A112: II | B112: Despesas Indiretas | H112: % | I112: Valor Mensal/unidade de serviço (R$)
...

Sheet Engenheiro Eletricista
A1: PLANILHA DE CUSTOS E FORMAÇÃO DE PREÇOS DE SERVIÇOS CONTINUADOS COM DEDICAÇÃO EXCLUSIVA DE MÃO DE OBRA (ANEXO III - DECRETO 52.768 de 15.12.2015)
A2: PROCESSO: | C2: 23/1300-0006172-0 | E2: REGIME DE TRIBUTAÇÃO: LUCRO REAL
A3: LICITAÇÃO/EDITAL | E3: ABERTURA:
A5: Cargo/Função: | D5: Engenheiro Eletricista | G5: =IF(D6="12x36","Regime de trabalho:","Quantidade de HORAS/MÊS") -> Quantidade de HORAS/MÊS | I5: =IF(D6="12x36",D6,5*D6) -> 200
A6: =IF(D6="12x36","Regime de trabalho:","Regime de trabalho (horas semanais):") -> Regime de trabalho (horas semanais): | D6: 40
A7: Convenção Coletiva de Trabalho: | D7: SENGE/RS | G7: INSALUBRIDADE (10%, 20%, 40%) | I7: Não aplicável
A8: Origem do salário: | D8: Parecer nº 17.417/2018 da PGE e Informação CONTRATOS nº 0174/2024 às fls. 1560-1583.
A9: Cidade: | D9: Porto Alegre | G9: PERICULOSIDADE (30%) | I9: 0.3
A10: Salário Normativo | G10: Vlr. do salário e nº de horas correspondentes | H10: 200 | I10: 10830.77
A11: ISS | G11: =D9 -> Porto Alegre | H11: Alíquota | I11: 0.02
A12: Tarifa Transporte | G12: CCT | H12: Vr. Unitário | I12: 4.8
H13: Dias | I13: 22
H14: Desconto | I14: 0.06
A15: Auxílio Alimentação | G15: CCT | H15: Vr. Unitário | I15: 0
H16: Dias | I16: 0
H17: Desconto | I17: 0
A18: Auxílio Lanche | G18: CCT | H18: Vr. Unitário | I18: 0
H19: Dias | I19: 0
H20: Desconto | I20: 0
A21: Outros benefícios que refletem na planilha de custos, caso constem na CCT. | G21: CCT | H21: Valor mensal | I21: Não aplicável
A22: Adicional de Supervisor (37%) | H22: Porcentagem | I22: Não aplicável
A23: Base de cálculo da insalubridade | H23: Valor | I23: Não aplicável
A24: Hora Intervalar | H24: Horas por mês | I24: Não aplicável
A25: Sem fornecimento de materiais ou apenas fornecimento de EPIs ou uniformes, utilizar 10%. Com fornecimento de materiais ou equipamentos, utilizar 20%. (Decreto 52.768/2015, alterado pelo Decreto 53.424/2017) | H25: Porcentagem | I25: 0.2
A27: MONTANTE A
A28: I | B28: Remuneração - Grupo I | H28: % | I28: Valor Mensal/unidade de serviço (R$)
A29: 1 | B29: Salário | H29: =I29/$I$37 -> 0.76923077 | I29: =IF(D6="12x36",I10,I10/H10*I5) -> 10830.77
A30: =A29+1 -> 2 | B30: Adicional Periculosidade 30% (Ver súmulas 364, 132 e 191 do TST) | H30: =I30/$I$37 -> 0.23076923 | I30: =IF(I9=30%,I29*I9,0) -> 3249.231
A31: =A30+1 -> 3 | B31: Adicional Insalubridade 10% (Ver súmula 228 e 139 TST) | H31: =I31/$I$37 -> 0 | I31: =IF(I7=10%,I23*I7,0) -> 0
A32: =A31+1 -> 4 | B32: Adicional Insalubridade 20% (Ver súmula 228 e 139 TST) | H32: =I32/$I$37 -> 0 | I32: =IF(I7=20%,I23*I7,0) -> 0
A33: =A32+1 -> 5 | B33: Adicional Insalubridade 40% (Ver súmula 228 e 139 TST) | H33: =I33/$I$37 -> 0 | I33: =IF(I7=40%,I23*I7,0) -> 0
A34: =A33+1 -> 6 | B34: Adicional de Supervisor (IN 02/2008 MPOG SLTI) | H34: =I34/$I$37 -> 0 | I34: =IF(I22="Não aplicável",0,I29*I22) -> 0
A35: =A34+1 -> 7 | B35: DSR - Descanso Semanal Remunerado | H35: =I35/$I$37 -> 0 | I35: 0
A36: =A35+1 -> 8 | B36: =IF(D6="12x36","Para postos 12x36 os feriados são considerados compensados, conforme parágrafo único, Art. 59-A da CLT","Outros") -> Outros | H36: =I36/$I$37 -> 0 | I36: 0
A37: Total de Remuneração | H37: =SUM(H29:H36) -> 1 | I37: =SUM(I29:I36) -> 14080.001
A39: II | B39: Encargos Sociais - Grupo II: Obrigações Sociais | H39: % | I39: Valor Mensal/unidade de serviço (R$)
A40: 1 | B40: INSS (art. 22, inc. I, Lei nº 8.212/91) | H40: 0.2 | I40: =$I$37*H40 -> 2816.0002
A41: 2 | B41: SESI ou SESC (art. 30, Lei nº 8.036/90) | H41: 0.015 | I41: =$I$37*H41 -> 211.20002
A42: 3 | B42: SENAI ou SENAC (Decreto-Lei nº 2.318/86) | H42: 0.01 | I42: =$I$37*H42 -> 140.80001
A43: 4 | B43: INCRA (art. 15I, Lei Complementar nº 011/71) | H43: 0.002 | I43: =$I$37*H43 -> 28.160002
A44: 5 | B44: SALÁRIO EDUCAÇÃO (art. , inc. I, Decreto nº 87.043/82) | H44: 0.025 | I44: =$I$37*H44 -> 352.00002
A45: 6 | B45: FGTS (art. 15, Lei nº 8.036/90) | H45: 0.08 | I45: =$I$37*H45 -> 1126.4001
A46: 7 | B46: SEG. ACIDENTE DO TRABALHO 1%, 2% e 3% (art. 22, inc. II, alíneas "b" e "c", da Lei nº 8.212/91) | H46: 0.03 | I46: =$I$37*H46 -> 422.40003
A47: 8 | B47: SEBRAE (§ 3º, art. 8º, Lei nº 8.029/90) | H47: 0.006 | I47: =$I$37*H47 -> 84.480006
A48: Total do Grupo II | H48: =SUM(H40:H47) -> 0.368 | I48: =SUM(I40:I47) -> 5181.4404
A49: Os percentuais para o SAT podem variar de 0,50% a 6,00% em função do Fator de Acidente Previdenciário (FAP), Decreto nº 6.957/2009
A50: Deverá obrigatoriamente acompanhar a proposta de preços e a planilha de custos e formação de preços a prova do Fator Acidentário de Prevenção – FAP por meio de impressão de consulta ao site do Ministério da Previdência Social (que pode ser obtido no endereço eletrônico http://www2.dataprev.gov.br/fap/fap.htm), independentemente de alteração da alíquota da parcela do Seguro Acidente de Trabalho disposta no Quadro II da referida planilha.
A51: III | B51: Encargos Sociais - Grupo III: Tempo Não Trabalhado | H51: % | I51: Valor Mensal/unidade de serviço (R$)
A52: 1 | B52: FÉRIAS GOZADAS + ADICIONAL DE FÉRIAS | H52: 0.119314 | I52: =$I$37*H52 -> 1679.9412
A53: 2 | B53: FALTAS ABONADAS (3) | H53: 0.020479 | I53: =$I$37*H53 -> 288.34434
A54: 3 | B54: FALTAS LEGAIS (4) | H54: 0.012123 | I54: =$I$37*H54 -> 170.69185
A55: 4 | B55: LICENÇA MATERNIDADE | H55: 0.011436 | I55: =$I$37*H55 -> 161.01889
A56: 5 | B56: LICENÇA PATERNIDADE | H56: 0.000174 | I56: =$I$37*H56 -> 2.4499202
A57: 6 | B57: ACIDENTE DE TRABALHO | H57: 0.000442 | I57: =$I$37*H57 -> 6.2233604
A58: 7 | B58: AVISO PRÉVIO TRABALHADO | H58: 0.000185 | I58: =$I$37*H58 -> 2.6048002
A59: 8 | B59: 13º SALÁRIO | H59: 0.09079 | I59: =$I$37*H59 -> 1278.3233
A60: Total do Grupo III | H60: =SUM(H52:H59) -> 0.254943 | I60: =SUM(I52:I59) -> 3589.5977
A61: (3) | B61: Faltas Justificadas por Auxílio Doença
A62: (4) | B62: Faltas Legais - Art. 473 CLT
A63: IV | B63: Encargos Sociais - Grupo IV: Indenizações | H63: % | I63: Valor Mensal/unidade de serviço (R$)
A64: 1 | B64: INDENIZAÇÕES | H64: 0.023627 | I64: =$I$37*H64 -> 332.66818
A65: 2 | B65: FGTS SOBRE INDENIZAÇÕES | H65: 0.001717 | I65: =$I$37*H65 -> 24.175362
A66: 3 | B66: INDENIZAÇÃO COMPENSATÓRIA POR DEMISSÃO SEM JUSTA CAUSA | H66: 0.009451 | I66: =$I$37*H66 -> 133.07009
A67: Total do Grupo IV | H67: =SUM(H64:H66) -> 0.034795 | I67: =SUM(I64:I66) -> 489.91363
A69: V | B69: Encargos Sociais - Grupo V: Incidências | H69: % | I69: Valor Mensal/unidade de serviço (R$)
A70: 1 | B70: INCIDÊNCIA GRUPO II (Obrigações Sociais) X GRUPO III (Tempo Não Trabalhado) | H70: =(H48*H60) -> 0.093819024 | I70: =$I$37*H70 -> 1320.972
A71: Total do Grupo V | H71: =SUM(H70:H70) -> 0.093819024 | I71: =I70 -> 1320.972
A73: TOTAL DOS ENCAGOS SOCIAIS (II + III + IV + V) | H73: =H48+H60+H67+H71 -> 0.75155702 | I73: =I48+I60+I67+I71 -> 10581.924
A75: VI | B75: Demais custos relativos à Norma Coletiva ou Disposições Legais - Grupo VI | H75: % | I75: Valor Mensal/unidade de serviço (R$)
A76: 1 | B76: Auxílio Alimentação | H76: =I76/$I$37 -> 0 | I76: =I93 -> 0
A77: 2 | B77: Auxílio Lanche | H77: =I77/$I$37 -> 0 | I77: =I89 -> 0
A78: 3 | B78: Vale-Transporte⁽⁵⁾ | H78: =I78/$I$37 -> 0 | I78: =I85 -> 0
A79: 4 | B79: Adicional Intervalar | H79: =I79/$I$37 -> 0 | I79: =IF(I24="Não aplicável",0,((I10/H10)*1.5*I24)) -> 0
A80: 5 | B80: Outros | H80: =I80/$I$37 -> 0 | I80: =IF(I21="Não aplicável",0,I21) -> 0
A81: Total do Grupo VI | H81: =SUM(H76:H80) -> 0 | I81: =SUM(I76:I80) -> 0
A82: (5) | B82: O valor do vale-transporte pode variar de acordo com o modal fornecido pelo empregador.
A83: MEMÓRIA DE CÁLCULO DO VALE TRANSPORTE
A84: Valor Unitário | C84: Dias de Trabalho | D84: Vale p/dia | E84: Custo total | F84: Base de cálculo | G84: Percentual de desconto | H84: Valor desconto | I84: Custo efetivo
A85: =I12 -> 4.8 | C85: =I13 -> 22 | D85: 2 | E85: =A85*C85*D85 -> 211.2 | F85: =I29 -> 10830.77 | G85: =I14 -> 0.06 | H85: =F85*G85 -> 649.8462 | I85: =IF((E85-H85)>0,E85-H85,0) -> 0
A87: MEMÓRIA DE CÁLCULO DO VALE LANCHE
A88: Valor Unitário | C88: Dias por mês | D88: Vale p/dia | E88: Custo total | F88: Base de cálculo | G88: Percentual de desconto | H88: Valor desconto | I88: Custo efetivo
A89: =I18 -> 0 | C89: =I19 -> 0 | D89: 1 | E89: =A89*C89*D89 -> 0 | F89: =E89 -> 0 | G89: =I20 -> 0 | H89: =F89*G89 -> 0 | I89: =E89-H89 -> 0
A91: MEMÓRIA DE CÁLCULO DO VALE ALIMENTAÇÃO
A92: Valor Unitário | C92: Dias por mês | D92: Vale p/dia | E92: Custo total | F92: Base de cálculo | G92: Percentual de desconto | H92: =H84 -> Valor desconto | I92: Custo efetivo
A93: =I15 -> 0 | C93: =I16 -> 0 | D93: 1 | E93: =A93*C93*D93 -> 0 | F93: =E93 -> 0 | G93: =I17 -> 0 | H93: =F93*G93 -> 0 | I93: =E93-H93 -> 0
A95: TOTAL DO MONTANTE A (I + II + III+ IV + V +VI) | H95: =H37+H73+H81 -> 1.751557 | I95: =I37+I73+I81 -> 24661.925
A97: MONTANTE B
A98: I | B98: Despesas Diretas | H98: % | I98: Valor Mensal/unidade de serviço (R$)
A99: 1 | B99: Transporte (6) | H99: =I99/$I$110 -> 0 | I99: 0
A100: 2 | B100: Uniformes/EPI (6a) | H100: =I100/$I$110 -> 0 | I100: =IF(F108=10%,G108,0) -> 0
A101: 3 | B101: Seguro de vida | H101: =I101/$I$110 -> 0 | I101: 0
A102: 4 | B102: Materiais/Equipamentos | H102: =I102/$I$110 -> 0 | I102: 0
A103: 5 | B103: Mobilização (7) | H103: =I103/$I$110 -> 0 | I103: 0
A104: 6 | B104: Outros (especificar) | H104: =I104/$I$110 -> 0 | I104: 0
A105: Total de Despesas Diretas | H105: =H99+H100+H101+H102+H103+H104 -> 0 | I105: =SUM(I99:I104) -> 0
B106: (6) Somente será preenchido quando o licitante fornecer transporte próprio (6a) EPI - Equipamento de Proteção Individual (7) Tais custos de mobilização não são renováveis, devendo ser eliminados após o primeiro ano de contrato caso haja prorrogação
A108: LIMITE QUADRO I (Despesas Diretas) sobre Montante A (exceto Vale-transporte), conforme alíneas "b.2" e "b.3", Inc. II, art. 7º, do Decreto 52.768/2015, alterado pelo Decreto 53.424/2017: 10% SEM MATERIAIS/EQUIPAMENTOS; 20% COM MATERIAIS/EQUIPAMENTOS | F108: =I25 -> 0.2 | G108: =I110*F108 -> 4932.3849 | H108: Dedução Vale Transporte | I108: =I78 -> 0
A109: Remuneração (Grupo I) | C109: Obrigações Sociais (Grupo II) | D109: Tempo Não Trabalhado (Grupo III) | E109: Indenizações (Grupo IV) | F109: Incidências (Grupo V) | G109: Demais Custos CCT | H109: Total Montante A | I109: Base de Cálculo
A110: =I37 -> 14080.001 | C110: =I48 -> 5181.4404 | D110: =I60 -> 3589.5977 | E110: =I67 -> 489.91363 | F110: =I71 -> 1320.972 | G110: =I81 -> 0 | H110: =A110+C110+D110+E110+F110+G110 -> 24661.925 | I110: =H110-I108 -> 24661.925
A112: II | B112: Despesas Indiretas | H112: % | I112: Valor Mensal/unidade de serviço (R$)
...

Sheet Resumo
A1: Quadro Resumo Mensal
A2: Função | B2: Cidade | C2: Carga Horária | D2: Dias da semana | E2: Valor Unitário | F2: Nº de Postos | G2: Valor Total
A3: Engenheiro Eletricista | B3: Porto Alegre | C3: 40 horas semanais | D3: segunta a sexta | E3: ='Engenheiro Eletricista'!I168 -> 27788.084 | F3: 1 | G3: =E3*F3 -> 27788.084
A4: Engenheiro Mecânico | B4: Porto Alegre | C4: 40 horas semanais | D4: segunta a sexta | E4: ='Engenheiro Mecânico'!I168 -> 21375.449 | F4: 1 | G4: =E4*F4 -> 21375.449
A5: Engenheiro Civil | B5: Porto Alegre | C5: 40 horas semanais | D5: segunta a sexta | E5: ='Engenheiro Civil'!I168 -> 21375.449 | F5: 1 | G5: =E5*F5 -> 21375.449
A6: Técnico em Edificações | B6: Porto Alegre | C6: 40 horas semanais | D6: segunta a sexta | E6: ='Técnico em Edificações'!I168 -> 5978.7828 | F6: 1 | G6: =E6*F6 -> 5978.7828
A7: Técnico Eletricista/Eletrotécnico | B7: Porto Alegre | C7: 40 horas semanais | D7: segunta a sexta | E7: ='Técnico Eletricista '!I168 -> 7762.1146 | F7: 1 | G7: =E7*F7 -> 7762.1146
A8: Técnico Eletromecânico | B8: Porto Alegre | C8: 40 horas semanais | D8: segunta a sexta | E8: ='Técnico Eletromecânico'!I168 -> 7762.1146 | F8: 1 | G8: =E8*F8 -> 7762.1146
A9: Técnico em Segurança do Trabalho | B9: Porto Alegre | C9: 40 horas semanais | D9: segunta a sexta | E9: ='Técnico Segurança do Trabalho'!I168 -> 6504.8053 | F9: 1 | G9: =E9*F9 -> 6504.8053
A10: TOTAL MENSAL | F10: =SUM(F3:F9) -> 7 | G10: =SUM(G3:G9) -> 98546.8
A11: TOTAL ANUAL | G11: =G10*12 -> 1182561.6
